Workbook

Sheet capa ok
B2: GOVERNO DO DISTRITO FEDERAL
B3: COMPANHIA URBANIZADORA DA NOVA CAPITAL DO BRASIL - NOVACAP
B4: DIRETORIA DE URBANIZAÇÃO
B10: DADOS DA OBRA:
B12: Estimativa Nº: SSN 25/20 SEM DESONERAÇÃO
B13: Interessado: PROCESSO Nº 00112-00014823/2018-10
B14: Objeto: EXECUÇÃO DA COTENÇÃO DA PONTE JK.
B15: Local: PONTE JK, BRASÍLIA-DF
B16: Orçado por: Flávio Bittar
B17: Data da Estimativa de Preços: 15/04/2020
B20: VALOR DA OBRA:
B21: ='ORÇAMENTO ok'!G97 -> 177348.91
B24: MODIFICAÇÃO | C24: DATA
B25: NUMERO DA REVISÃO | C25: DATA DA ELABORAÇÃO
B26: 1- SSN 25/20 | C26: 43936

Sheet RESUMO ok
C1: GOVERNO DO DISTRITO FEDERAL
C2: COMPANHIA URBANIZADORA DA NOVA CAPITAL DO BRASIL - NOVACAP
C3: DIRETORIA DE URBANIZAÇÃO
C5: RESUMO DA OBRA
A6: ='capa ok'!B12 -> Estimativa Nº: SSN 25/20 SEM DESONERAÇÃO
A7: ='capa ok'!B13 -> Interessado: PROCESSO Nº 00112-00014823/2018-10
A8: ='capa ok'!B14 -> Objeto: EXECUÇÃO DA COTENÇÃO DA PONTE JK.
A9: ='capa ok'!B15 -> Local: PONTE JK, BRASÍLIA-DF
A10: ='capa ok'!B16 -> Orçado por: Flávio Bittar
A11: ='capa ok'!B17 -> Data da Estimativa de Preços: 15/04/2020
A12: Duração da Obra: 90 DIAS
A13: TABELA DE REFERÊNCIA: SINAPI JAN/2020, SEAP JAN/20, ANP JAN/2020
B15: ITEM | C15: DESCRIÇÃO | D15: % | E15: CUSTO TOTAL
B16: 1 | C16: ='ORÇAMENTO ok'!C13:G13 -> ATERRO E REATERRO | D16: =E16/$E$48 -> 0.035926178 | E16: ='ORÇAMENTO ok'!G21 -> 5384.9463
B17: 2 | C17: ='ORÇAMENTO ok'!C23:G23 -> PREPARAÇÃO DO TERRENO PARA EXECUÇÃO DOS GABIÕES | D17: =E17/$E$48 -> 0.26837584 | E17: ='ORÇAMENTO ok'!G36 -> 40226.641
B18: 3 | C18: ='ORÇAMENTO ok'!C38:G38 -> GABIÕES, PROTEÇÃO DE CONCRETO EM CIMA DO GABIÃO TIPO COLCHÃO | D18: =E18/$E$48 -> 0.52321099 | E18: ='ORÇAMENTO ok'!G43 -> 78423.68
B19: 4 | C19: ='ORÇAMENTO ok'!C45:G45 -> DEMOLIÇÃO e EXECUÇÃO DE MEIOS-FIOS | D19: =E19/$E$48 -> 0.0022137129 | E19: ='ORÇAMENTO ok'!G51 -> 331.81167
B20: 5 | C20: ='ORÇAMENTO ok'!C53:G53 -> DEMOLIÇÃO e EXECUÇÃO de CORDÃO DE CONCRETO | D20: =E20/$E$48 -> 0.026810692 | E20: ='ORÇAMENTO ok'!G59 -> 4018.6333
B21: 6 | C21: ='ORÇAMENTO ok'!C61:G61 -> DEMOLIÇÃO E EXECUÇÃO DA CICLOVIA | D21: =E21/$E$48 -> 0.041526093 | E21: ='ORÇAMENTO ok'!G68 -> 6224.3132
B22: 7 | C22: ='ORÇAMENTO ok'!C70:G70 -> ENSAIOS E ART | D22: =E22/$E$48 -> 0.0031934921 | E22: ='ORÇAMENTO ok'!G75 -> 478.67
B23: 8 | C23: ='ORÇAMENTO ok'!C77 -> ADMINISTRAÇÃO LOCAL | D23: =E23/$E$48 -> 0.098743009 | E23: ='ORÇAMENTO ok'!G93 -> 14800.511 | G23: =SUM(D16:D47) -> 1
B24: 9 | C24: ='ORÇAMENTO ok'!#REF! -> #REF! | D24: =E24/$E$48 -> 0 | E24: 0
B25: 10 | C25: ='ORÇAMENTO ok'!#REF! -> #REF! | D25: =E25/$E$48 -> 0 | E25: 0
B26: 11 | C26: ='ORÇAMENTO ok'!#REF! -> #REF! | D26: =E26/$E$48 -> 0 | E26: 0
B27: 12 | C27: ='ORÇAMENTO ok'!#REF! -> #REF! | D27: =E27/$E$48 -> 0 | E27: 0
B28: 13 | C28: ='ORÇAMENTO ok'!#REF! -> #REF! | D28: =E28/$E$48 -> 0 | E28: 0
B29: 14 | C29: ='ORÇAMENTO ok'!#REF! -> #REF! | D29: =E29/$E$48 -> 0 | E29: 0
B30: 15 | E30: =0 -> 0
B31: 16 | E31: =0 -> 0
B32: 17 | E32: =0 -> 0
B33: 18 | E33: =0 -> 0
B34: 19 | E34: =0 -> 0
B35: 20 | E35: =0 -> 0
B36: 21 | E36: =0 -> 0
B37: 22
B38: 23
B39: 24
B40: 25
B41: 26
B42: 27
B43: 28
B44: 29
B45: 30
B46: 31
B47: 14
C48: TOTAL PARCIAL SEM BDI | E48: =SUM(E16:E23) -> 149889.21 | G48: =SUM(D16:D23) -> 1
C49: BDI de 18,32% referente ao total parcial da estimativa, exceto os materiais betuminosos que está incluso o BDI | D49: 0.1832 | E49: =(E48)*0.1832 -> 27459.703
B54: TOTAL GERAL | E54: =SUM(E48:E53) -> 177348.91

Sheet ORÇAMENTO ok
B2: Estimativa de Preços
B4: ='RESUMO ok'!A6 -> Estimativa Nº: SSN 25/20 SEM DESONERAÇÃO
B5: ='RESUMO ok'!A7 -> Interessado: PROCESSO Nº 00112-00014823/2018-10
B6: ='RESUMO ok'!A8 -> Objeto: EXECUÇÃO DA COTENÇÃO DA PONTE JK.
B7: ='RESUMO ok'!A9 -> Local: PONTE JK, BRASÍLIA-DF
B8: ='RESUMO ok'!A10 -> Orçado por: Flávio Bittar
B9: ='RESUMO ok'!A11 -> Data da Estimativa de Preços: 15/04/2020
B10: TABELA DE REFERÊNCIA: SINAPI JAN/2020, SEAP JAN/20, ANP JAN/2020
C12: COTENÇÃO EM BAIXO DA PONTE JK
B13: 1- | C13: ATERRO E REATERRO
A14: NOVACAP | B14: SICRO / SINAPI | C14: DESCRIÇÃO | D14: Unid. | E14: Quantia | F14: Custo unitário | G14: Custo Total do Item
B15: 6077 | C15: ARGILA OU BARRO PARA ATERRO/REATERRO (RETIRADO NA JAZIDA, SEM TRANSPORTE) | D15: m3 | E15: =117.63+76.98 -> 194.61 | F15: =VLOOKUP(B15,'Planilha de Referência'!$A$3:$D$351,4,FALSE) -> 16.29 | G15: =E15*F15 -> 3170.1969 | I15: Volume de argila para aterro 117,63 m³ + reaterro 76,98 m³= 194,61 m³, retirado do quantitativo do projeto
B16: 74010/001 | C16: CARGA E DESCARGA MECANICA DE SOLO UTILIZANDO CAMINHAO BASCULANTE 6,0M3 /16T E PA CARREGADEIRA SOBRE PNEUS 128 HP, CAPACIDADE DA CAÇAMBA 1,7 A 2,8 M3, PESO OPERACIONAL 11632 KG | D16: m3 | E16: =117.63+76.98 -> 194.61 | F16: =VLOOKUP(B16,'Planilha de Referência'!$A$3:$D$351,4,FALSE) -> 1.44 | G16: =E16*F16 -> 280.2384 | I16: Volume de argila para aterro 117,63 m³ + reaterro 76,98 m³= 194,61 m³, retirado do quantitativo do projeto
B17: 95878 | C17: TRANSPORTE COM CAMINHÃO BASCULANTE DE 10 M3, EM VIA URBANA PAVIMENTADA, DMT ATÉ 30 KM (UNIDADE: TXKM). AF_12/2016 | D17: t*km | E17: =117.63+76.98*D100 -> 1541.76 | F17: =VLOOKUP(B17,'Planilha de Referência'!$A$3:$D$351,4,FALSE) -> 0.67 | G17: =E17*F17 -> 1032.9792 | I17: Volume de argila para aterro 117,63 m³ + reaterro 76,98 m³= 194,61 m³, retirado do quantitativo do projeto X DMT NOVACAP
B18: 41721 | C18: COMPACTACAO MECANICA A 95% DO PROCTOR NORMAL - PAVIMENTACAO URBANA | D18: m3 | E18: 117.63 | F18: =VLOOKUP(B18,'Planilha de Referência'!$A$3:$D$351,4,FALSE) -> 3.243 | G18: =E18*F18 -> 381.47409 | I18: Compactação do Aterro 117,63 m³, retirado do projeto
B19: 41722 | C19: COMPACTACAO MECANICA A 100% DO PROCTOR NORMAL - PAVIMENTACAO URBANA | D19: m3 | E19: 76.98 | F19: =VLOOKUP(B19,'Planilha de Referência'!$A$3:$D$351,4,FALSE) -> 4.6069 | G19: =E19*F19 -> 354.63916 | I19: Compactação do Reaterro 76,98 m³, retirado do projeto
B20: 100574 | C20: ESPALHAMENTO DE MATERIAL COM TRATOR DE ESTEIRAS. AF_11/2019 | D20: m3 | E20: =117.63+76.98 -> 194.61 | F20: =VLOOKUP(B20,'Planilha de Referência'!$A$3:$D$351,4,FALSE) -> 0.85 | G20: =E20*F20 -> 165.4185 | I20: Volume para o espalhamento do material, aterro 117,63 m³ + reaterro 76,98 m³= 194,61 m³, retirado do quantitativo do projeto X DMT NOVACAP
B21: Soma parcial = | G21: =SUM(G15:G20) -> 5384.9463
B23: 2- | C23: PREPARAÇÃO DO TERRENO PARA EXECUÇÃO DOS GABIÕES
B24: SICRO / SINAPI | C24: DESCRIÇÃO | D24: Unid. | E24: Quantia | F24: Custo unitário | G24: Custo Total do Item
B25: 98524 | C25: LIMPEZA MANUAL DE VEGETAÇÃO EM TERRENO COM ENXADA.AF_05/2018 | D25: m2 | E25: 315 | F25: =VLOOKUP(B25,'Planilha de Referência'!$A$3:$D$351,4,FALSE) -> 2.75 | G25: =E25*F25 -> 866.25 | I25: 63,00m comp. X 5,00m larg= Área 315,00 m2, consideramos área para limpeza próximo ao talude, onde será executado o gabião
B26: 72844 | C26: CARGA, MANOBRAS E DESCARGA DE AREIA, BRITA, PEDRA DE MAO E SOLOS COM CAMINHAO BASCULANTE 6 M3 (DESCARGA LIVRE) | D26: t | E26: =E25*0.1*1.5 -> 47.25 | F26: =VLOOKUP(B26,'Planilha de Referência'!$A$3:$D$351,4,FALSE) -> 0.57 | G26: =E26*F26 -> 26.9325 | I26: Área 315,00 m2, retirado do quantitativo do projeto x 0,10 espessura da vegetação considerada x 1,50 peso esp. passar p/ tonelada (DNIT- Manual de Custos de Infraestrutura de Transportes Volume 10 - Conteúdo 11 - Transportes)
B27: 95878 | C27: TRANSPORTE COM CAMINHÃO BASCULANTE DE 10 M3, EM VIA URBANA PAVIMENTADA, DMT ATÉ 30 KM (UNIDADE: TXKM). AF_12/2016 | D27: t*km | E27: =E25*0.1*1.5*D99 -> 1403.325 | F27: =VLOOKUP(B27,'Planilha de Referência'!$A$3:$D$351,4,FALSE) -> 0.67 | G27: =E27*F27 -> 940.22775 | I27: Área 315,00 m2, retirado do quantitativo do projeto x 0,10 espessura da vegetação considerada x 1,50 peso esp. passar p/ tonelada (DNIT- Manual de Custos de Infraestrutura de Transportes Volume 10 - Conteúdo 11 - Transportes) X DMT BOTA FORA
B28: 83336 | C28: ESCAVACAO MECANICA PARA ACERTO DE TALUDES, EM MATERIAL DE 1A CATEGORIA, COM ESCAVADEIRA HIDRAULICA | D28: m3 | E28: 89.71 | F28: =VLOOKUP(B28,'Planilha de Referência'!$A$3:$D$351,4,FALSE) -> 3.95 | G28: =E28*F28 -> 354.3545 | I28: Volume de escavação 89,71 m3 para o acerto do terreno, execução do Rachão, retirado do quantitativo do projeto
B29: 72844 | C29: CARGA, MANOBRAS E DESCARGA DE AREIA, BRITA, PEDRA DE MAO E SOLOS COM CAMINHAO BASCULANTE 6 M3 (DESCARGA LIVRE) | D29: t | E29: =E28*1.5 -> 134.565 | F29: =VLOOKUP(B29,'Planilha de Referência'!$A$3:$D$351,4,FALSE) -> 0.57 | G29: =E29*F29 -> 76.70205 | I29: Volume de escavação 89,71 m3 para o acerto do terreno, execução do Rachão, retirado do quantitativo do projeto x 1,50 peso esp. passar p/ tonelada (DNIT- Manual de Custos de Infraestrutura de Transportes Volume 10 - Conteúdo 11 - Transportes)
B30: 95878 | C30: TRANSPORTE COM CAMINHÃO BASCULANTE DE 10 M3, EM VIA URBANA PAVIMENTADA, DMT ATÉ 30 KM (UNIDADE: TXKM). AF_12/2016 | D30: t*km | E30: =E28*1.5*D99 -> 3996.5805 | F30: =VLOOKUP(B30,'Planilha de Referência'!$A$3:$D$351,4,FALSE) -> 0.67 | G30: =E30*F30 -> 2677.7089 | I30: Volume de escavação 89,71 m3 para o acerto do terreno, execução do Rachão, retirado do quantitativo do projeto x 1,50 peso esp. passar p/ tonelada (DNIT- Manual de Custos de Infraestrutura de Transportes Volume 10 - Conteúdo 11 - Transportes) X DMT BOTA FORA
B31: 4730 | C31: PEDRA DE MAO OU PEDRA RACHAO PARA ARRIMO /FUNDACAO (POSTO PEDREIRA /FORNECEDOR, SEM FRETE) | D31: m3 | E31: 89.71 | F31: =VLOOKUP(B31,'Planilha de Referência'!$A$3:$D$351,4,FALSE) -> 88.66 | G31: =E31*F31 -> 7953.6886 | I31: 89,71 m3 Fornecimento do Rachão, (para preparação da base sob do Gabião)
B32: 72844 | C32: CARGA, MANOBRAS E DESCARGA DE AREIA, BRITA, PEDRA DE MAO E SOLOS COM CAMINHAO BASCULANTE 6 M3 (DESCARGA LIVRE) | D32: t | E32: =E31*1.5 -> 134.565 | F32: =VLOOKUP(B32,'Planilha de Referência'!$A$3:$D$351,4,FALSE) -> 0.57 | G32: =E32*F32 -> 76.70205 | I32: Volume de escavação 89,71 m3 para a execução do Rachão (para preparação da base sob do Gabião) x 1,50 peso esp. passar p/ tonelada (DNIT- Manual de Custos de Infraestrutura de Transportes Volume 10 - Conteúdo 11 - Transportes)
B33: 95878 | C33: TRANSPORTE COM CAMINHÃO BASCULANTE DE 10 M3, EM VIA URBANA PAVIMENTADA, DMT ATÉ 30 KM (UNIDADE: TXKM). AF_12/2016 | D33: t*km | E33: =E31*1.5*D100 -> 2489.4525 | F33: =VLOOKUP(B33,'Planilha de Referência'!$A$3:$D$351,4,FALSE) -> 0.67 | G33: =E33*F33 -> 1667.9332 | I33: Volume de escavação 89,71 m3 para a execução do Rachão (para preparação da base sob do Gabião) x 1,50 peso esp. passar p/ tonelada (DNIT- Manual de Custos de Infraestrutura de Transportes Volume 10 - Conteúdo 11 - Transportes) X DMT NOVACAP
B34: 73698 | C34: ENROCAMENTO MANUAL, COM ARRUMACAO DO MATERIAL | D34: m3 | E34: 89.71 | F34: =VLOOKUP(B34,'Planilha de Referência'!$A$3:$D$351,4,FALSE) -> 255.89 | G34: =E34*F34 -> 22955.892 | I34: 89,71 m3 Acerto e compactação do Rachão, retirado do quantitativo do projeto
B35: 98504 | C35: PLANTIO DE GRAMA EM PLACAS. AF_05/2018 | D35: m2 | E35: 315 | F35: =VLOOKUP(B35,'Planilha de Referência'!$A$3:$D$351,4,FALSE) -> 8.35 | G35: =E35*F35 -> 2630.25 | I35: 63,00m comp. X 5,00m larg= 315,00m² área considerada para plantio de grama
B36: Soma parcial = | G36: =SUM(G25:G35) -> 40226.641
B38: 3- | C38: GABIÕES, PROTEÇÃO DE CONCRETO EM CIMA DO GABIÃO TIPO COLCHÃO
B39: SICRO / SINAPI | C39: DESCRIÇÃO | D39: Unid. | E39: Quantia | F39: Custo unitário | G39: Custo Total do Item
B40: 92743 | C40: MURO DE GABIÃO, ENCHIMENTO COM PEDRA DE MÃO TIPO RACHÃO, DE GRAVIDADE, COM GAIOLAS DE COMPRIMENTO IGUAL A 2 M, PARA MUROS COM ALTURA MENOR OU IGUAL A 4 M FORNECIMENTO E EXECUÇÃO. AF_12/2015 | D40: m3 | E40: 136.22 | F40: =VLOOKUP(B40,'Planilha de Referência'!$A$3:$D$351,4,FALSE) -> 528.53 | G40: =E40*F40 -> 71996.357 | I40: Volume do Gabião caixa retirado do quantitativo do projeto 136,22 m3
B41: 1525 | C41: CONCRETO USINADO BOMBEAVEL, CLASSE DE RESISTENCIA C30, COM BRITA 0 E 1, SLUMP = 100 +/- 20 MM, INCLUI SERVICO DE BOMBEAMENTO (NBR 8953) | D41: m3 | E41: =63*2*0.15 -> 18.9 | F41: =VLOOKUP(B41,'Planilha de Referência'!$A$3:$D$351,4,FALSE) -> 311.3 | G41: =E41*F41 -> 5883.57 | I41: Consideramos o volume de Concreto FCK= 30Mpa para proteção em cima do gabião caixa 63,00m comp. x 2,00m larg. x 15 cm altura.
B42: 92874 | C42: LANÇAMENTO COM USO DE BOMBA, ADENSAMENTO E ACABAMENTO DE CONCRETO EM ESTRUTURAS. AF_12/2015 | D42: m3 | E42: =E41 -> 18.9 | F42: =VLOOKUP(B42,'Planilha de Referência'!$A$3:$D$351,4,FALSE) -> 28.77 | G42: =E42*F42 -> 543.753 | I42: Lançamento do Concreto FCK= 30Mpa (igual ao cod. 1525).
B43: Soma parcial = | G43: =SUM(G40:G42) -> 78423.68
B45: 4- | C45: DEMOLIÇÃO e EXECUÇÃO DE MEIOS-FIOS
B46: SICRO / SINAPI | C46: DESCRIÇÃO | D46: Unid. | E46: Quantia | F46: Custo unitário | G46: Custo Total do Item | I46: 7
B47: 1600436M | C47: DEMOLIÇÃO DE CONCRETO SIMPLES | D47: m3 | E47: =I46*0.043 -> 0.301 | F47: =VLOOKUP(B47,'Planilha de Referência'!$A$3:$D$351,4,FALSE) -> 237.52 | G47: =E47*F47 -> 71.49352 | I47: 7,00 metros linear de meios fios a demolir (para acesso de máquinas e equipamentos) x volume do meio fio(0,043)
B48: 72844 | C48: CARGA, MANOBRAS E DESCARGA DE AREIA, BRITA, PEDRA DE MAO E SOLOS COM CAMINHAO BASCULANTE 6 M3 (DESCARGA LIVRE) | D48: t | E48: =I46*0.103 -> 0.721 | F48: =VLOOKUP(B48,'Planilha de Referência'!$A$3:$D$351,4,FALSE) -> 0.57 | G48: =E48*F48 -> 0.41097 | I48: 7,00 metros linear de meios fios a demolir (para acesso de máquinas e equipamentos) x Peso especifico do meio fio(0,103)
B49: 95878 | C49: TRANSPORTE COM CAMINHÃO BASCULANTE DE 10 M3, EM VIA URBANA PAVIMENTADA, DMT ATÉ 30 KM (UNIDADE: TXKM). AF_12/2016 | D49: t*km | E49: =E48*D99 -> 21.4137 | F49: =VLOOKUP(B49,'Planilha de Referência'!$A$3:$D$351,4,FALSE) -> 0.67 | G49: =E49*F49 -> 14.347179 | I49: Cod. 72844 X DMT Bota Fora
B50: 94273 | C50: ASSENTAMENTO DE GUIA (MEIO-FIO) EM TRECHO RETO, CONFECCIONADA EM CONCRETO PRÉ-FABRICADO, DIMENSÕES 100X15X13X30 CM (COMPRIMENTO X BASE INFERIOR X BASE SUPERIOR X ALTURA), PARA VIAS URBANAS (USO VIÁRIO). AF_06/2016 | D50: m | E50: =I46 -> 7 | F50: =VLOOKUP(B50,'Planilha de Referência'!$A$3:$D$351,4,FALSE) -> 35.08 | G50: =E50*F50 -> 245.56 | I50: 7,00 metros linear de meios fios a executar (recuperar a demolição dos meios fios do acesso das máquinas)
B51: Soma parcial = | G51: =SUM(G47:G50) -> 331.81167
B53: 5- | C53: DEMOLIÇÃO e EXECUÇÃO de CORDÃO DE CONCRETO
B54: SICRO / SINAPI | C54: DESCRIÇÃO | D54: Unid. | E54: Quantia | F54: Custo unitário | G54: Custo Total do Item | I54: 120
B55: 1600436M | C55: DEMOLIÇÃO DE CONCRETO SIMPLES | D55: m3 | E55: =I54*0.016 -> 1.92 | F55: =VLOOKUP(B55,'Planilha de Referência'!$A$3:$D$351,4,FALSE) -> 237.52 | G55: =E55*F55 -> 456.0384 | I55: 120,00 metros linear dos cordões de concreto a demolir (nas laterais da ciclovia) x volume do meio fio(0,016)
B56: 72844 | C56: CARGA, MANOBRAS E DESCARGA DE AREIA, BRITA, PEDRA DE MAO E SOLOS COM CAMINHAO BASCULANTE 6 M3 (DESCARGA LIVRE) | D56: t | E56: =I54*0.039 -> 4.68 | F56: =VLOOKUP(B56,'Planilha de Referência'!$A$3:$D$351,4,FALSE) -> 0.57 | G56: =E56*F56 -> 2.6676 | I56: 120,00 metros linear dos cordões de concreto (nas laterais da ciclovia) x Peso especifico do meio fio(0,039)
B57: 95878 | C57: TRANSPORTE COM CAMINHÃO BASCULANTE DE 10 M3, EM VIA URBANA PAVIMENTADA, DMT ATÉ 30 KM (UNIDADE: TXKM). AF_12/2016 | D57: t*km | E57: =E56*D99 -> 138.996 | F57: =VLOOKUP(B57,'Planilha de Referência'!$A$3:$D$351,4,FALSE) -> 0.67 | G57: =E57*F57 -> 93.12732 | I57: Cod. 72844 X DMT Bota Fora
B58: 94273M | C58: ASSENTAMENTO DE GUIA (MEIO-FIO) TIPO CORDÃO, EM TRECHO RETO, CONFECCIONADA EM CONCRETO PRÉ-FABRICADO, DIMENSÕES 100X12X7X20 CM (COMPRIMENTO X BASE INFERIOR X BASE SUPERIOR X ALTURA), PARA VIAS URBANAS (USO VIÁRIO) (FORNECIMENTO E INSTALAÇÃO) | D58: m | E58: =I54 -> 120 | F58: =VLOOKUP(B58,'Planilha de Referência'!$A$3:$D$351,4,FALSE) -> 28.89 | G58: =E58*F58 -> 3466.8 | I58: 120,00 metros linear metros linear dos cordões de concreto a executar (execução nas laterais da ciclovia)
B59: Soma parcial = | G59: =SUM(G55:G58) -> 4018.6333
B61: 6- | C61: DEMOLIÇÃO E EXECUÇÃO DA CICLOVIA
B62: SICRO / SINAPI | C62: DESCRIÇÃO | D62: Unid. | E62: Quantia | F62: Custo unitário | G62: Custo Total do Item | I62: 60
B63: 1600436M | C63: DEMOLIÇÃO DE CONCRETO SIMPLES | D63: m3 | E63: =I62*2*0.06 -> 7.2 | F63: =VLOOKUP(B63,'Planilha de Referência'!$A$3:$D$351,4,FALSE) -> 237.52 | G63: =E63*F63 -> 1710.144 | I63: (60 comp. x 2 larg.= 120 m2) m2 x espessura de 6cm, do passeio a ser demolido
B64: 72844 | C64: CARGA, MANOBRAS E DESCARGA DE AREIA, BRITA, PEDRA DE MAO E SOLOS COM CAMINHAO BASCULANTE 6 M3 (DESCARGA LIVRE) | D64: t | E64: =E63*1.5 -> 10.8 | F64: =VLOOKUP(B64,'Planilha de Referência'!$A$3:$D$351,4,FALSE) -> 0.57 | G64: =E64*F64 -> 6.156 | I64: cod. 1600436M * x 1,50 peso esp. passar p/ tonelada (DNIT- Manual de Custos de Infraestrutura de Transportes Volume 10 - Conteúdo 11 - Transportes)
B65: 95878 | C65: TRANSPORTE COM CAMINHÃO BASCULANTE DE 10 M3, EM VIA URBANA PAVIMENTADA, DMT ATÉ 30 KM (UNIDADE: TXKM). AF_12/2016 | D65: t*km | E65: =E63*1.5*D99 -> 320.76 | F65: =VLOOKUP(B65,'Planilha de Referência'!$A$3:$D$351,4,FALSE) -> 0.67 | G65: =E65*F65 -> 214.9092 | I65: cod. 72844 x 1,50 peso esp. passar p/ tonelada (DNIT- Manual de Custos de Infraestrutura de Transportes Volume 10 - Conteúdo 11 - Transportes) X DMT Bota Fora
B66: 94991 | C66: EXECUÇÃO DE PASSEIO (CALÇADA) OU PISO DE CONCRETO COM CONCRETO MOLDADO IN LOCO, USINADO, ACABAMENTO CONVENCIONAL, NÃO ARMADO. AF_07/2016 | D66: m3 | E66: =I62*2*0.08 -> 9.6 | F66: =VLOOKUP(B66,'Planilha de Referência'!$A$3:$D$351,4,FALSE) -> 425.09 | G66: =E66*F66 -> 4080.864 | I66: Área=(60 comp. x 2 larg.= 120 m2) x 8 cm espessura considerada= 9,60 m3, deverá o fiscal observar a espessura da ciclovia existente e executar semelhante, passeio a ser recuperado
B67: 72947 | C67: SINALIZACAO HORIZONTAL COM TINTA RETRORREFLETIVA A BASE DE RESINA ACRILICA COM MICROESFERAS DE VIDRO | D67: m2 | E67: 14 | F67: =VLOOKUP(B67,'Planilha de Referência'!$A$3:$D$351,4,FALSE) -> 15.16 | G67: =E67*F67 -> 212.24 | I67: (60m + 60m= 120m comprimento x 0,10m larg= 12,00m2) + 60m / 3m= 20m x 0,10m= 2,00 m2= 14,00m2
B68: Soma parcial = | G68: =SUM(G63:G67) -> 6224.3132
B70: 7- | C70: ENSAIOS E ART
B71: SICRO / SINAPI | C71: DESCRIÇÃO | D71: Unid. | E71: Quantia | F71: Custo unitário | G71: Custo Total do Item
B72: 6496 ART_1 | C72: Pagamento de Anotação de Responsabilidade Técnica - ART - Lei n° 6.496, de 7 de dezembro de 1977 - Tabela AA - Obra ou Serviço - Contrato até de R$8.000,00 Conforme CREA-DF | D72: un | E72: 1 | F72: =VLOOKUP(B72,'Planilha de Referência'!$A$3:$D$351,4,FALSE) -> 85.96 | G72: =E72*F72 -> 85.96 | I72: 1 UNID_ART
B73: 74022/030 | C73: Ensaio de resistência a compressão simples - concreto | D73: un | E73: 1 | F73: =VLOOKUP(B73,'Planilha de Referência'!$A$3:$D$351,4,FALSE) -> 220.03 | G73: =E73*F73 -> 220.03 | I73: Em conformidade com a NBR 12655, um ensaio para cada caminhão betoneira (estimado em 50m3) = Área de Passeios (m2) x Espessura (cm) = Volume (m3), para um ensaio a cada 50 m3.
B74: 74022/058 | C74: Ensaio de abatimento do tronco de cone | D74: un | E74: 2 | F74: =VLOOKUP(B74,'Planilha de Referência'!$A$3:$D$351,4,FALSE) -> 86.34 | G74: =E74*F74 -> 172.68 | I74: Em conformidade com a NBR 12655, um ensaio para cada caminhão betoneira (estimado em 6m3) = Área de Passeios (m2) x Espessura (cm) = Volume (m3), para um ensaio a cada 6 m3.
B75: Soma parcial = | G75: =SUM(G72:G74) -> 478.67
B77: 8- | C77: ADMINISTRAÇÃO LOCAL | I77: PAREI AQUI
A78: NOVACAP | B78: SICRO / SINAPI | C78: DESCRIÇÃO | D78: Unid. | E78: Quantia | F78: Custo unitário | G78: Custo Total do Item
A79: 4292 | B79: 74209/001 | C79: PLACA DE OBRA EM CHAPA DE ACO GALVANIZADO | D79: m2 | E79: 12 | F79: =VLOOKUP(B79,'Planilha de Referência'!$A$3:$D$351,4,FALSE) -> 406.5 | G79: =E79*F79 -> 4878 | I79: Foi considerado 1 placas de 12 m2
B80: 74209/001 | C80: PLACA DE OBRA (GDF_Governo DF) | D80: m2 | E80: =1.6 -> 1.6 | F80: =VLOOKUP(B80,'Planilha de Referência'!$A$3:$D$351,4,FALSE) -> 406.5 | G80: =E80*F80 -> 650.4 | I80: Foi considerado 4 placas de 80 x 50= 0,40 m2 Cada
B81: 5914640 / SICRO | C81: Transporte com cavalo mecânico de 30 t - rodovia pavimentada | D81: t*km | E81: 3685.348 | F81: =VLOOKUP(B81,'Planilha de Referência'!$A$3:$D$351,4,FALSE) -> 0.32 | G81: =E81*F81 -> 1179.3114 | I81: Peso dos equipamentos (Trator de esteiras 16,70t + Motoniveladora 13,032t + Pá carregadeira 11,632t ) + Rolo Compactador vibratório de um cilindro 8,1 T + Rolo Compactador de pneu estático 26 T) + Retroescavadeira sobre rodas com carregadeira, tração 4X4, Peso operacional Mín 7.140 Kg + Escavadeira Hidráulica sobre esteiras, caçamba 0,80 M3, Peso operacional 17 T x DMT NOVACAP 18,50km x 2(ida e volta)
B82: 93584 | C82: EXECUÇÃO DE DEPÓSITO EM CANTEIRO DE OBRA EM CHAPA DE MADEIRA COMPENSADA, NÃO INCLUSO MOBILIÁRIO. AF_04/2016 | D82: m2 | E82: =6*5 -> 30 | F82: =VLOOKUP(B82,'Planilha de Referência'!$A$3:$D$351,4,FALSE) -> 609.25 | G82: 0 | I82: Canteiro de 6 x 5m= 30,00 m2
B83: 93212 | C83: EXECUÇÃO DE SANITÁRIO E VESTIÁRIO EM CANTEIRO DE OBRA EM CHAPA DE MADEIRA COMPENSADA, NÃO INCLUSO MOBILIÁRIO. AF_02/2016 | D83: m2 | E83: =3*6 -> 18 | F83: =VLOOKUP(B83,'Planilha de Referência'!$A$3:$D$351,4,FALSE) -> 687.78 | G83: 0 | I83: Sanitário e Vestiário de 3 x 6m= 18,00 m2
B84: 6259 | C84: Caminhão pipa 6.000 L, peso bruto total 13.000 kg, distância entre eixos 4,80 m, potência 189 CV inclusive tanque de aço para transporte de água, capacidade 6 m3 - CHP diurno. af_06/2014 | D84: CHP | E84: =22*1*3 -> 66 | F84: =VLOOKUP(B84,'Planilha de Referência'!$A$3:$D$351,4,FALSE) -> 151.03 | G84: 0 | I84: 22 (dias) x 1 (hora) x (mês)
B85: 93415 | C85: Gerador portátil monofásico, potência 5500 VA, motor a gasolina, potência do motor 13 CV - CHP diurno. af_03/2016 | D85: CHP | E85: =22*8*0.05*3 -> 26.4 | F85: =VLOOKUP(B85,'Planilha de Referência'!$A$3:$D$351,4,FALSE) -> 11.57 | G85: 0 | I85: 22 (dias) x 8 (hora) x 0,05 x (mês)
B86: 93416 | C86: Gerador portátil monofásico, potência 5500 VA, motor a gasolina, potência do motor 13 CV - CHI diurno. af_03/2016 | D86: CHI | E86: =22*8*0.05*3 -> 26.4 | F86: =VLOOKUP(B86,'Planilha de Referência'!$A$3:$D$351,4,FALSE) -> 0.23 | G86: 0 | I86: 22 (dias) x 8 (hora) x 0,05 x (mês)
B87: 93565 | C87: ENGENHEIRO CIVIL DE OBRA JUNIOR COM ENCARGOS COMPLEMENTARES | D87: MÊS | E87: 3 | F87: =VLOOKUP(B87,'Planilha de Referência'!$A$3:$D$351,4,FALSE) -> 15544.2 | G87: 0 | I87: 1 engenheiro mês (Tempo da obra 3 meses)
B88: 93572 | C88: ENCARREGADO GERAL DE OBRAS COM ENCARGOS COMPLEMENTARES | D88: MÊS | E88: 2 | F88: =VLOOKUP(B88,'Planilha de Referência'!$A$3:$D$351,4,FALSE) -> 3232.1 | G88: =E88*F88 -> 6464.2 | I88: 1 encarregados mês (Tempo da obra 2 meses)
B89: 93564 | C89: APONTADOR OU APROPRIADOR COM ENCARGOS COMPLEMENTARES | D89: MÊS | E89: 6 | F89: =VLOOKUP(B89,'Planilha de Referência'!$A$3:$D$351,4,FALSE) -> 6287.9 | G89: 0 | I89: 2 encarregados mês (Tempo da obra 3 meses)
A90: 5075 | B90: 88326 | C90: VIGIA NOTURNO COM ENCARGOS COMPLEMENTARES | D90: H | E90: =12*30*3 -> 1080 | F90: =VLOOKUP(B90,'Planilha de Referência'!$A$3:$D$351,4,FALSE) -> 21.06 | G90: 0 | I90: 12 horas x 30 dias x 3 meses
A91: 5076 | B91: 85424 | C91: ISOLAMENTO DE OBRA COM TELA PLASTICA COM MALHA DE 5MM E ESTRUTURA DE MADEIRA PONTALETEADA | D91: m² | E91: 60 | F91: =VLOOKUP(B91,'Planilha de Referência'!$A$3:$D$351,4,FALSE) -> 22.66 | G91: =E91*F91 -> 1359.6 | I91: Foi considerado para isolamento de advertência
A92: 5400 | B92: 74221/001 | C92: SINALIZACAO DE TRANSITO - NOTURNA | D92: m | E92: 100 | F92: =VLOOKUP(B92,'Planilha de Referência'!$A$3:$D$351,4,FALSE) -> 2.69 | G92: =E92*F92 -> 269 | I92: Foi considerado para alerta e advertência
A93: Soma parcial = | G93: =SUM(G79:G92) -> 14800.511
B95: TOTAL PARCIAL sem BDI | G95: =G21+G36+G43+G51+G59+G68+G75+G93 -> 149889.21 | I95: =G95-G93 -> 135088.7
B96: BDI de 18,32% referente ao total parcial da estimativa, exceto os materiais betuminosos que está incluso o BDI | G96: =(G95)*0.1832 -> 27459.703
B97: TOTAL COM BDI | G97: =SUM(G95:G96) -> 177348.91 | I97: =G97 -> 177348.91 | J97: =G93/G97 -> 0.0834542 | K97: =I97*J97 -> 14800.511
B99: 0.043 | C99: Volume do meio Fio (m3) | D99: 29.7 | E99: DMT bota fora (km) Estrutural
B100: 0.103 | C100: P. Especifico do meio Fio (t/m3) | D100: 18.5 | E100: DMT NOVACAP (km) | J100: 0.0796398 | K100: =I97*J100 -> 14124.032
B101: 0.039 | C101: P. Especifico do Cordão de Concreto (t/m3) | D101: 0.016 | E101: Volume do Cordão de Concreto (m3)
B103: Obs.: Foi considerado a Demolição e Recuperação da Ciclovia, uma vez que, vão passar caminhões pesados sobre ela com grande chance de danificar, deverá o fiscal acompanhar se foi comprometido a ciclovia, para posterior autorização a empreiteira para execução.

Sheet Memoria Cálculo
A1: Memória de Cálculo
A3: ='ORÇAMENTO ok'!B4 -> Estimativa Nº: SSN 25/20 SEM DESONERAÇÃO
A4: ='ORÇAMENTO ok'!B5 -> Interessado: PROCESSO Nº 00112-00014823/2018-10
A5: ='ORÇAMENTO ok'!B6 -> Objeto: EXECUÇÃO DA COTENÇÃO DA PONTE JK.
A6: ='ORÇAMENTO ok'!B7 -> Local: PONTE JK, BRASÍLIA-DF
A7: ='ORÇAMENTO ok'!B8 -> Orçado por: Flávio Bittar
A8: ='ORÇAMENTO ok'!B9 -> Data da Estimativa de Preços: 15/04/2020
A10: ='ORÇAMENTO ok'!C12 -> COTENÇÃO EM BAIXO DA PONTE JK
A11: ='ORÇAMENTO ok'!B13 -> 1- | B11: ='ORÇAMENTO ok'!C13 -> ATERRO E REATERRO
A12: SICRO / SINAPI | B12: DESCRIÇÃO | C12: Unid. | D12: Memória
A13: ='ORÇAMENTO ok'!B15 -> 6077 | B13: ='ORÇAMENTO ok'!C15 -> ARGILA OU BARRO PARA ATERRO/REATERRO (RETIRADO NA JAZIDA, SEM TRANSPORTE) | C13: ='ORÇAMENTO ok'!D15 -> m3 | D13: ='ORÇAMENTO ok'!I15 -> Volume de argila para aterro 117,63 m³ + reaterro 76,98 m³= 194,61 m³, retirado do quantitativo do projeto
A14: ='ORÇAMENTO ok'!B16 -> 74010/001 | B14: ='ORÇAMENTO ok'!C16 -> CARGA E DESCARGA MECANICA DE SOLO UTILIZANDO CAMINHAO BASCULANTE 6,0M3 /16T E PA CARREGADEIRA SOBRE PNEUS 128 HP, CAPACIDADE DA CAÇAMBA 1,7 A 2,8 M3, PESO OPERACIONAL 11632 KG | C14: ='ORÇAMENTO ok'!D16 -> m3 | D14: ='ORÇAMENTO ok'!I16 -> Volume de argila para aterro 117,63 m³ + reaterro 76,98 m³= 194,61 m³, retirado do quantitativo do projeto
A15: ='ORÇAMENTO ok'!B17 -> 95878 | B15: ='ORÇAMENTO ok'!C17 -> TRANSPORTE COM CAMINHÃO BASCULANTE DE 10 M3, EM VIA URBANA PAVIMENTADA, DMT ATÉ 30 KM (UNIDADE: TXKM). AF_12/2016 | C15: ='ORÇAMENTO ok'!D17 -> t*km | D15: ='ORÇAMENTO ok'!I17 -> Volume de argila para aterro 117,63 m³ + reaterro 76,98 m³= 194,61 m³, retirado do quantitativo do projeto X DMT NOVACAP
A16: ='ORÇAMENTO ok'!B18 -> 41721 | B16: ='ORÇAMENTO ok'!C18 -> COMPACTACAO MECANICA A 95% DO PROCTOR NORMAL - PAVIMENTACAO URBANA | C16: ='ORÇAMENTO ok'!D18 -> m3 | D16: ='ORÇAMENTO ok'!I18 -> Compactação do Aterro 117,63 m³, retirado do projeto
A17: ='ORÇAMENTO ok'!B19 -> 41722 | B17: ='ORÇAMENTO ok'!C19 -> COMPACTACAO MECANICA A 100% DO PROCTOR NORMAL - PAVIMENTACAO URBANA | C17: ='ORÇAMENTO ok'!D19 -> m3 | D17: ='ORÇAMENTO ok'!I19 -> Compactação do Reaterro 76,98 m³, retirado do projeto
A18: ='ORÇAMENTO ok'!B20 -> 100574 | B18: ='ORÇAMENTO ok'!C20 -> ESPALHAMENTO DE MATERIAL COM TRATOR DE ESTEIRAS. AF_11/2019 | C18: ='ORÇAMENTO ok'!D20 -> m3 | D18: ='ORÇAMENTO ok'!I20 -> Volume para o espalhamento do material, aterro 117,63 m³ + reaterro 76,98 m³= 194,61 m³, retirado do quantitativo do projeto X DMT NOVACAP
A20: ='ORÇAMENTO ok'!B23 -> 2- | B20: ='ORÇAMENTO ok'!C23 -> PREPARAÇÃO DO TERRENO PARA EXECUÇÃO DOS GABIÕES
A21: SICRO / SINAPI | B21: DESCRIÇÃO | C21: Unid. | D21: Memória
A22: ='ORÇAMENTO ok'!B25 -> 98524 | B22: ='ORÇAMENTO ok'!C25 -> LIMPEZA MANUAL DE VEGETAÇÃO EM TERRENO COM ENXADA.AF_05/2018 | C22: ='ORÇAMENTO ok'!D25 -> m2 | D22: ='ORÇAMENTO ok'!I25 -> 63,00m comp. X 5,00m larg= Área 315,00 m2, consideramos área para limpeza próximo ao talude, onde será executado o gabião
A23: ='ORÇAMENTO ok'!B26 -> 72844 | B23: ='ORÇAMENTO ok'!C26 -> CARGA, MANOBRAS E DESCARGA DE AREIA, BRITA, PEDRA DE MAO E SOLOS COM CAMINHAO BASCULANTE 6 M3 (DESCARGA LIVRE) | C23: ='ORÇAMENTO ok'!D26 -> t | D23: ='ORÇAMENTO ok'!I26 -> Área 315,00 m2, retirado do quantitativo do projeto x 0,10 espessura da vegetação considerada x 1,50 peso esp. passar p/ tonelada (DNIT- Manual de Custos de Infraestrutura de Transportes Volume 10 - Conteúdo 11 - Transportes)
A24: ='ORÇAMENTO ok'!B27 -> 95878 | B24: ='ORÇAMENTO ok'!C27 -> TRANSPORTE COM CAMINHÃO BASCULANTE DE 10 M3, EM VIA URBANA PAVIMENTADA, DMT ATÉ 30 KM (UNIDADE: TXKM). AF_12/2016 | C24: ='ORÇAMENTO ok'!D27 -> t*km | D24: ='ORÇAMENTO ok'!I27 -> Área 315,00 m2, retirado do quantitativo do projeto x 0,10 espessura da vegetação considerada x 1,50 peso esp. passar p/ tonelada (DNIT- Manual de Custos de Infraestrutura de Transportes Volume 10 - Conteúdo 11 - Transportes) X DMT BOTA FORA
A25: ='ORÇAMENTO ok'!B28 -> 83336 | B25: ='ORÇAMENTO ok'!C28 -> ESCAVACAO MECANICA PARA ACERTO DE TALUDES, EM MATERIAL DE 1A CATEGORIA, COM ESCAVADEIRA HIDRAULICA | C25: ='ORÇAMENTO ok'!D28 -> m3 | D25: ='ORÇAMENTO ok'!I28 -> Volume de escavação 89,71 m3 para o acerto do terreno, execução do Rachão, retirado do quantitativo do projeto
A26: ='ORÇAMENTO ok'!B29 -> 72844 | B26: ='ORÇAMENTO ok'!C29 -> CARGA, MANOBRAS E DESCARGA DE AREIA, BRITA, PEDRA DE MAO E SOLOS COM CAMINHAO BASCULANTE 6 M3 (DESCARGA LIVRE) | C26: ='ORÇAMENTO ok'!D29 -> t | D26: ='ORÇAMENTO ok'!I29 -> Volume de escavação 89,71 m3 para o acerto do terreno, execução do Rachão, retirado do quantitativo do projeto x 1,50 peso esp. passar p/ tonelada (DNIT- Manual de Custos de Infraestrutura de Transportes Volume 10 - Conteúdo 11 - Transportes)
A27: ='ORÇAMENTO ok'!B30 -> 95878 | B27: ='ORÇAMENTO ok'!C30 -> TRANSPORTE COM CAMINHÃO BASCULANTE DE 10 M3, EM VIA URBANA PAVIMENTADA, DMT ATÉ 30 KM (UNIDADE: TXKM). AF_12/2016 | C27: ='ORÇAMENTO ok'!D30 -> t*km | D27: ='ORÇAMENTO ok'!I30 -> Volume de escavação 89,71 m3 para o acerto do terreno, execução do Rachão, retirado do quantitativo do projeto x 1,50 peso esp. passar p/ tonelada (DNIT- Manual de Custos de Infraestrutura de Transportes Volume 10 - Conteúdo 11 - Transportes) X DMT BOTA FORA
A28: ='ORÇAMENTO ok'!B31 -> 4730 | B28: ='ORÇAMENTO ok'!C31 -> PEDRA DE MAO OU PEDRA RACHAO PARA ARRIMO /FUNDACAO (POSTO PEDREIRA /FORNECEDOR, SEM FRETE) | C28: ='ORÇAMENTO ok'!D31 -> m3 | D28: ='ORÇAMENTO ok'!I31 -> 89,71 m3 Fornecimento do Rachão, (para preparação da base sob do Gabião)
A29: ='ORÇAMENTO ok'!B32 -> 72844 | B29: ='ORÇAMENTO ok'!C32 -> CARGA, MANOBRAS E DESCARGA DE AREIA, BRITA, PEDRA DE MAO E SOLOS COM CAMINHAO BASCULANTE 6 M3 (DESCARGA LIVRE) | C29: ='ORÇAMENTO ok'!D32 -> t | D29: ='ORÇAMENTO ok'!I32 -> Volume de escavação 89,71 m3 para a execução do Rachão (para preparação da base sob do Gabião) x 1,50 peso esp. passar p/ tonelada (DNIT- Manual de Custos de Infraestrutura de Transportes Volume 10 - Conteúdo 11 - Transportes)
A30: ='ORÇAMENTO ok'!B33 -> 95878 | B30: ='ORÇAMENTO ok'!C33 -> TRANSPORTE COM CAMINHÃO BASCULANTE DE 10 M3, EM VIA URBANA PAVIMENTADA, DMT ATÉ 30 KM (UNIDADE: TXKM). AF_12/2016 | C30: ='ORÇAMENTO ok'!D33 -> t*km | D30: ='ORÇAMENTO ok'!I33 -> Volume de escavação 89,71 m3 para a execução do Rachão (para preparação da base sob do Gabião) x 1,50 peso esp. passar p/ tonelada (DNIT- Manual de Custos de Infraestrutura de Transportes Volume 10 - Conteúdo 11 - Transportes) X DMT NOVACAP
A31: ='ORÇAMENTO ok'!B34 -> 73698 | B31: ='ORÇAMENTO ok'!C34 -> ENROCAMENTO MANUAL, COM ARRUMACAO DO MATERIAL | C31: ='ORÇAMENTO ok'!D34 -> m3 | D31: ='ORÇAMENTO ok'!I34 -> 89,71 m3 Acerto e compactação do Rachão, retirado do quantitativo do projeto
A32: ='ORÇAMENTO ok'!B35 -> 98504 | B32: ='ORÇAMENTO ok'!C35 -> PLANTIO DE GRAMA EM PLACAS. AF_05/2018 | C32: ='ORÇAMENTO ok'!D35 -> m2 | D32: ='ORÇAMENTO ok'!I35 -> 63,00m comp. X 5,00m larg= 315,00m² área considerada para plantio de grama
A34: ='ORÇAMENTO ok'!B38 -> 3- | B34: ='ORÇAMENTO ok'!C38 -> GABIÕES, PROTEÇÃO DE CONCRETO EM CIMA DO GABIÃO TIPO COLCHÃO
A35: SICRO / SINAPI | B35: DESCRIÇÃO | C35: Unid. | D35: Memória
A36: ='ORÇAMENTO ok'!B40 -> 92743 | B36: ='ORÇAMENTO ok'!C40 -> MURO DE GABIÃO, ENCHIMENTO COM PEDRA DE MÃO TIPO RACHÃO, DE GRAVIDADE, COM GAIOLAS DE COMPRIMENTO IGUAL A 2 M, PARA MUROS COM ALTURA MENOR OU IGUAL A 4 M FORNECIMENTO E EXECUÇÃO. AF_12/2015 | C36: ='ORÇAMENTO ok'!D40 -> m3 | D36: ='ORÇAMENTO ok'!I40 -> Volume do Gabião caixa retirado do quantitativo do projeto 136,22 m3
A37: ='ORÇAMENTO ok'!B41 -> 1525 | B37: ='ORÇAMENTO ok'!C41 -> CONCRETO USINADO BOMBEAVEL, CLASSE DE RESISTENCIA C30, COM BRITA 0 E 1, SLUMP = 100 +/- 20 MM, INCLUI SERVICO DE BOMBEAMENTO (NBR 8953) | C37: ='ORÇAMENTO ok'!D41 -> m3 | D37: ='ORÇAMENTO ok'!I41 -> Consideramos o volume de Concreto FCK= 30Mpa para proteção em cima do gabião caixa 63,00m comp. x 2,00m larg. x 15 cm altura.
A38: ='ORÇAMENTO ok'!B42 -> 92874 | B38: ='ORÇAMENTO ok'!C42 -> LANÇAMENTO COM USO DE BOMBA, ADENSAMENTO E ACABAMENTO DE CONCRETO EM ESTRUTURAS. AF_12/2015 | C38: ='ORÇAMENTO ok'!D42 -> m3 | D38: ='ORÇAMENTO ok'!I42 -> Lançamento do Concreto FCK= 30Mpa (igual ao cod. 1525).
A40: 4- | B40: ='ORÇAMENTO ok'!C45 -> DEMOLIÇÃO e EXECUÇÃO DE MEIOS-FIOS
A41: SICRO / SINAPI | B41: DESCRIÇÃO | C41: Unid. | D41: Memória
A42: ='ORÇAMENTO ok'!B47 -> 1600436M | B42: ='ORÇAMENTO ok'!C47 -> DEMOLIÇÃO DE CONCRETO SIMPLES | C42: ='ORÇAMENTO ok'!D47 -> m3 | D42: ='ORÇAMENTO ok'!I47 -> 7,00 metros linear de meios fios a demolir (para acesso de máquinas e equipamentos) x volume do meio fio(0,043)
A43: ='ORÇAMENTO ok'!B48 -> 72844 | B43: ='ORÇAMENTO ok'!C48 -> CARGA, MANOBRAS E DESCARGA DE AREIA, BRITA, PEDRA DE MAO E SOLOS COM CAMINHAO BASCULANTE 6 M3 (DESCARGA LIVRE) | C43: ='ORÇAMENTO ok'!D48 -> t | D43: ='ORÇAMENTO ok'!I48 -> 7,00 metros linear de meios fios a demolir (para acesso de máquinas e equipamentos) x Peso especifico do meio fio(0,103)
A44: ='ORÇAMENTO ok'!B49 -> 95878 | B44: ='ORÇAMENTO ok'!C49 -> TRANSPORTE COM CAMINHÃO BASCULANTE DE 10 M3, EM VIA URBANA PAVIMENTADA, DMT ATÉ 30 KM (UNIDADE: TXKM). AF_12/2016 | C44: ='ORÇAMENTO ok'!D49 -> t*km | D44: ='ORÇAMENTO ok'!I49 -> Cod. 72844 X DMT Bota Fora
A45: ='ORÇAMENTO ok'!B50 -> 94273 | B45: ='ORÇAMENTO ok'!C50 -> ASSENTAMENTO DE GUIA (MEIO-FIO) EM TRECHO RETO, CONFECCIONADA EM CONCRETO PRÉ-FABRICADO, DIMENSÕES 100X15X13X30 CM (COMPRIMENTO X BASE INFERIOR X BASE SUPERIOR X ALTURA), PARA VIAS URBANAS (USO VIÁRIO). AF_06/2016 | C45: ='ORÇAMENTO ok'!D50 -> m | D45: ='ORÇAMENTO ok'!I50 -> 7,00 metros linear de meios fios a executar (recuperar a demolição dos meios fios do acesso das máquinas)
A47: 5- | B47: ='ORÇAMENTO ok'!C53 -> DEMOLIÇÃO e EXECUÇÃO de CORDÃO DE CONCRETO
A48: SICRO / SINAPI | B48: DESCRIÇÃO | C48: Unid. | D48: Memória
A49: ='ORÇAMENTO ok'!B55 -> 1600436M | B49: ='ORÇAMENTO ok'!C55 -> DEMOLIÇÃO DE CONCRETO SIMPLES | C49: ='ORÇAMENTO ok'!D55 -> m3 | D49: ='ORÇAMENTO ok'!I55 -> 120,00 metros linear dos cordões de concreto a demolir (nas laterais da ciclovia) x volume do meio fio(0,016)
A50: ='ORÇAMENTO ok'!B56 -> 72844 | B50: ='ORÇAMENTO ok'!C56 -> CARGA, MANOBRAS E DESCARGA DE AREIA, BRITA, PEDRA DE MAO E SOLOS COM CAMINHAO BASCULANTE 6 M3 (DESCARGA LIVRE) | C50: ='ORÇAMENTO ok'!D56 -> t | D50: ='ORÇAMENTO ok'!I56 -> 120,00 metros linear dos cordões de concreto (nas laterais da ciclovia) x Peso especifico do meio fio(0,039)
A51: ='ORÇAMENTO ok'!B57 -> 95878 | B51: ='ORÇAMENTO ok'!C57 -> TRANSPORTE COM CAMINHÃO BASCULANTE DE 10 M3, EM VIA URBANA PAVIMENTADA, DMT ATÉ 30 KM (UNIDADE: TXKM). AF_12/2016 | C51: ='ORÇAMENTO ok'!D57 -> t*km | D51: ='ORÇAMENTO ok'!I57 -> Cod. 72844 X DMT Bota Fora
A52: ='ORÇAMENTO ok'!B58 -> 94273M | B52: ='ORÇAMENTO ok'!C58 -> ASSENTAMENTO DE GUIA (MEIO-FIO) TIPO CORDÃO, EM TRECHO RETO, CONFECCIONADA EM CONCRETO PRÉ-FABRICADO, DIMENSÕES 100X12X7X20 CM (COMPRIMENTO X BASE INFERIOR X BASE SUPERIOR X ALTURA), PARA VIAS URBANAS (USO VIÁRIO) (FORNECIMENTO E INSTALAÇÃO) | C52: ='ORÇAMENTO ok'!D58 -> m | D52: ='ORÇAMENTO ok'!I58 -> 120,00 metros linear metros linear dos cordões de concreto a executar (execução nas laterais da ciclovia)
A54: 6- | B54: ='ORÇAMENTO ok'!C61 -> DEMOLIÇÃO E EXECUÇÃO DA CICLOVIA | H54: PAREI AQUI
A55: SICRO / SINAPI | B55: DESCRIÇÃO | C55: Unid. | D55: Memória
A56: ='ORÇAMENTO ok'!B63 -> 1600436M | B56: ='ORÇAMENTO ok'!C63 -> DEMOLIÇÃO DE CONCRETO SIMPLES | C56: ='ORÇAMENTO ok'!D63 -> m3 | D56: ='ORÇAMENTO ok'!I63 -> (60 comp. x 2 larg.= 120 m2) m2 x espessura de 6cm, do passeio a ser demolido
A57: ='ORÇAMENTO ok'!B64 -> 72844 | B57: ='ORÇAMENTO ok'!C64 -> CARGA, MANOBRAS E DESCARGA DE AREIA, BRITA, PEDRA DE MAO E SOLOS COM CAMINHAO BASCULANTE 6 M3 (DESCARGA LIVRE) | C57: ='ORÇAMENTO ok'!D64 -> t | D57: ='ORÇAMENTO ok'!I64 -> cod. 1600436M * x 1,50 peso esp. passar p/ tonelada (DNIT- Manual de Custos de Infraestrutura de Transportes Volume 10 - Conteúdo 11 - Transportes)
A58: ='ORÇAMENTO ok'!B65 -> 95878 | B58: ='ORÇAMENTO ok'!C65 -> TRANSPORTE COM CAMINHÃO BASCULANTE DE 10 M3, EM VIA URBANA PAVIMENTADA, DMT ATÉ 30 KM (UNIDADE: TXKM). AF_12/2016 | C58: ='ORÇAMENTO ok'!D65 -> t*km | D58: ='ORÇAMENTO ok'!I65 -> cod. 72844 x 1,50 peso esp. passar p/ tonelada (DNIT- Manual de Custos de Infraestrutura de Transportes Volume 10 - Conteúdo 11 - Transportes) X DMT Bota Fora
A59: ='ORÇAMENTO ok'!B66 -> 94991 | B59: ='ORÇAMENTO ok'!C66 -> EXECUÇÃO DE PASSEIO (CALÇADA) OU PISO DE CONCRETO COM CONCRETO MOLDADO IN LOCO, USINADO, ACABAMENTO CONVENCIONAL, NÃO ARMADO. AF_07/2016 | C59: ='ORÇAMENTO ok'!D66 -> m3 | D59: ='ORÇAMENTO ok'!I66 -> Área=(60 comp. x 2 larg.= 120 m2) x 8 cm espessura considerada= 9,60 m3, deverá o fiscal observar a espessura da ciclovia existente e executar semelhante, passeio a ser recuperado
A60: ='ORÇAMENTO ok'!B67 -> 72947 | B60: ='ORÇAMENTO ok'!C67 -> SINALIZACAO HORIZONTAL COM TINTA RETRORREFLETIVA A BASE DE RESINA ACRILICA COM MICROESFERAS DE VIDRO | C60: ='ORÇAMENTO ok'!D67 -> m2 | D60: ='ORÇAMENTO ok'!I67 -> (60m + 60m= 120m comprimento x 0,10m larg= 12,00m2) + 60m / 3m= 20m x 0,10m= 2,00 m2= 14,00m2
A62: 7- | B62: ='ORÇAMENTO ok'!C70 -> ENSAIOS E ART
A63: SICRO / SINAPI | B63: DESCRIÇÃO | C63: Unid. | D63: Memória
A64: ='ORÇAMENTO ok'!B72 -> 6496 ART_1 | B64: ='ORÇAMENTO ok'!C72 -> Pagamento de Anotação de Responsabilidade Técnica - ART - Lei n° 6.496, de 7 de dezembro de 1977 - Tabela AA - Obra ou Serviço - Contrato até de R$8.000,00 Conforme CREA-DF | C64: ='ORÇAMENTO ok'!D72 -> un | D64: ='ORÇAMENTO ok'!I72 -> 1 UNID_ART
A65: ='ORÇAMENTO ok'!B73 -> 74022/030 | B65: ='ORÇAMENTO ok'!C73 -> Ensaio de resistência a compressão simples - concreto | C65: ='ORÇAMENTO ok'!D73 -> un | D65: ='ORÇAMENTO ok'!I73 -> Em conformidade com a NBR 12655, um ensaio para cada caminhão betoneira (estimado em 50m3) = Área de Passeios (m2) x Espessura (cm) = Volume (m3), para um ensaio a cada 50 m3.
A66: ='ORÇAMENTO ok'!B74 -> 74022/058 | B66: ='ORÇAMENTO ok'!C74 -> Ensaio de abatimento do tronco de cone | C66: ='ORÇAMENTO ok'!D74 -> un | D66: ='ORÇAMENTO ok'!I74 -> Em conformidade com a NBR 12655, um ensaio para cada caminhão betoneira (estimado em 6m3) = Área de Passeios (m2) x Espessura (cm) = Volume (m3), para um ensaio a cada 6 m3.
A68: 8- | B68: ='ORÇAMENTO ok'!C77 -> ADMINISTRAÇÃO LOCAL
A69: SICRO / SINAPI | B69: DESCRIÇÃO | C69: Unid. | D69: Memória
A70: ='ORÇAMENTO ok'!B79 -> 74209/001 | B70: ='ORÇAMENTO ok'!C79 -> PLACA DE OBRA EM CHAPA DE ACO GALVANIZADO | C70: ='ORÇAMENTO ok'!D79 -> m2 | D70: ='ORÇAMENTO ok'!I79 -> Foi considerado 1 placas de 12 m2
A71: ='ORÇAMENTO ok'!B80 -> 74209/001 | B71: ='ORÇAMENTO ok'!C80 -> PLACA DE OBRA (GDF_Governo DF) | C71: ='ORÇAMENTO ok'!D80 -> m2 | D71: ='ORÇAMENTO ok'!I80 -> Foi considerado 4 placas de 80 x 50= 0,40 m2 Cada
A72: ='ORÇAMENTO ok'!B81 -> 5914640 / SICRO | B72: ='ORÇAMENTO ok'!C81 -> Transporte com cavalo mecânico de 30 t - rodovia pavimentada | C72: ='ORÇAMENTO ok'!D81 -> t*km | D72: ='ORÇAMENTO ok'!I81 -> Peso dos equipamentos (Trator de esteiras 16,70t + Motoniveladora 13,032t + Pá carregadeira 11,632t ) + Rolo Compactador vibratório de um cilindro 8,1 T + Rolo Compactador de pneu estático 26 T) + Retroescavadeira sobre rodas com carregadeira, tração 4X4, Peso operacional Mín 7.140 Kg + Escavadeira Hidráulica sobre esteiras, caçamba 0,80 M3, Peso operacional 17 T x DMT NOVACAP 18,50km x 2(ida e volta)
A73: ='ORÇAMENTO ok'!B88 -> 93572 | B73: ='ORÇAMENTO ok'!C88 -> ENCARREGADO GERAL DE OBRAS COM ENCARGOS COMPLEMENTARES | C73: ='ORÇAMENTO ok'!D88 -> MÊS | D73: ='ORÇAMENTO ok'!I88 -> 1 encarregados mês (Tempo da obra 2 meses)
A74: ='ORÇAMENTO ok'!B91 -> 85424 | B74: ='ORÇAMENTO ok'!C91 -> ISOLAMENTO DE OBRA COM TELA PLASTICA COM MALHA DE 5MM E ESTRUTURA DE MADEIRA PONTALETEADA | C74: ='ORÇAMENTO ok'!D91 -> m² | D74: ='ORÇAMENTO ok'!I91 -> Foi considerado para isolamento de advertência
A75: ='ORÇAMENTO ok'!B92 -> 74221/001 | B75: ='ORÇAMENTO ok'!C92 -> SINALIZACAO DE TRANSITO - NOTURNA | C75: ='ORÇAMENTO ok'!D92 -> m | D75: ='ORÇAMENTO ok'!I92 -> Foi considerado para alerta e advertência

Sheet Fotos
A2: FOTOS da VISTORIA
A55: FOTOS da VISTORIA

Sheet CRONOGRAMA
A2: CRONOGRAMA FÍSICO FINANCEIRO | L2: BDI de 18,81% | M2: 0
L3: BDI de 17,47% | M3: 0
A4: ='ORÇAMENTO ok'!B4 -> Estimativa Nº: SSN 25/20 SEM DESONERAÇÃO | L4: 18.32 | M4: 0.1832 | O4: 18.32 | P4: 24.18
A5: ='ORÇAMENTO ok'!B5 -> Interessado: PROCESSO Nº 00112-00014823/2018-10
A6: ='ORÇAMENTO ok'!B6 -> Objeto: EXECUÇÃO DA COTENÇÃO DA PONTE JK.
A7: ='ORÇAMENTO ok'!B7 -> Local: PONTE JK, BRASÍLIA-DF
A9: CRONOGRAMA
A11: ITEM | B11: SERVIÇOS | F11: DIAS CORRIDOS | I11: Preço | J11: %
F12: 30 | G12: 60 | H12: 90 | I12: (R$)
A13: 1 | B13: ='RESUMO ok'!C16 -> ATERRO E REATERRO | F13: 0.33333333 | G13: 0.33333333 | H13: 0.33333333 | J13: =I14/$I$93 -> 0.035926177 | L13: VALOR COM BDI | O13: VALOR DO ITEM | P13: BDI DO ITEM
F14: =$L$14*F13 -> 2123.8228 | G14: =$L$14*G13 -> 2123.8228 | H14: =$L$14*H13 -> 2123.8228 | I14: =SUM(F14:H14) -> 6371.4684 | L14: =O14+P14 -> 6371.4684 | M14: 1 | O14: ='RESUMO ok'!E16 -> 5384.9463 | P14: =O14*$M$4 -> 986.52215
F15: =F13 -> 0.33333333 | G15: =G13+F15 -> 0.66666667 | H15: =G15+H13 -> 1
A16: 2 | B16: ='RESUMO ok'!C17 -> PREPARAÇÃO DO TERRENO PARA EXECUÇÃO DOS GABIÕES | F16: 0.33333333 | G16: 0.33333333 | H16: 0.33333333 | J16: =I17/$I$93 -> 0.26837584
F17: =$L$17*F16 -> 15865.387 | G17: =$L$17*G16 -> 15865.387 | H17: =$L$17*H16 -> 15865.387 | I17: =SUM(F17:H17) -> 47596.162 | L17: =O17+P17 -> 47596.162 | M17: 2 | O17: ='RESUMO ok'!E17 -> 40226.641 | P17: =O17*$M$4 -> 7369.5207
F18: =F16 -> 0.33333333 | G18: =G16+F18 -> 0.66666667 | H18: =G18+H16 -> 1
A19: 3 | B19: ='RESUMO ok'!C18 -> GABIÕES, PROTEÇÃO DE CONCRETO EM CIMA DO GABIÃO TIPO COLCHÃO | F19: 0.33333333 | G19: 0.33333333 | H19: 0.33333333 | J19: =I20/$I$93 -> 0.52321099
F20: =$L$20*F19 -> 30930.299 | G20: =$L$20*G19 -> 30930.299 | H20: =L20*H19 -> 30930.299 | I20: =SUM(F20:H20) -> 92790.898 | L20: =O20+P20 -> 92790.898 | M20: 4 | O20: ='RESUMO ok'!E18 -> 78423.68 | P20: =O20*$M$4 -> 14367.218
F21: =F19 -> 0.33333333 | G21: =G19+F21 -> 0.66666667 | H21: =G21+H19 -> 1
A22: 4 | B22: ='RESUMO ok'!C19 -> DEMOLIÇÃO e EXECUÇÃO DE MEIOS-FIOS | F22: 0.33333333 | G22: 0.33333333 | H22: 0.33333333 | J22: =I23/$I$93 -> 0.0022137129
F23: =$L$23*F22 -> 130.86652 | G23: =$L$23*G22 -> 130.86652 | H23: =$L$23*H22 -> 130.86652 | I23: =SUM(F23:H23) -> 392.59957 | L23: =O23+P23 -> 392.59957 | M23: 5 | O23: ='RESUMO ok'!E19 -> 331.81167 | P23: =O23*$M$4 -> 60.787898
F24: =F22 -> 0.33333333 | G24: =G22+F24 -> 0.66666667 | H24: =G24+H22 -> 1
A25: 5 | B25: ='RESUMO ok'!C20 -> DEMOLIÇÃO e EXECUÇÃO de CORDÃO DE CONCRETO | F25: 0.33333333 | G25: 0.33333333 | H25: 0.33333333 | J25: =I26/$I$93 -> 0.026810692
F26: =$L$26*F25 -> 1584.949 | G26: =$L$26*G25 -> 1584.949 | H26: =L26*H25 -> 1584.949 | I26: =SUM(F26:H26) -> 4754.8469 | L26: =O26+P26 -> 4754.8469 | M26: 6 | O26: ='RESUMO ok'!E20 -> 4018.6333 | P26: =O26*$M$4 -> 736.21362
F27: =F25 -> 0.33333333 | G27: =G25+F27 -> 0.66666667 | H27: =G27+H25 -> 1
A28: 6 | B28: ='RESUMO ok'!C21 -> DEMOLIÇÃO E EXECUÇÃO DA CICLOVIA | F28: 0.33333333 | G28: 0.33333333 | H28: 0.33333333 | J28: =I29/$I$93 -> 0.041526093
F29: =$L$29*F28 -> 2454.8691 | G29: =$L$29*G28 -> 2454.8691 | H29: =$L$29*H28 -> 2454.8691 | I29: =SUM(F29:H29) -> 7364.6074 | L29: =O29+P29+O30+P30 -> 7364.6074 | M29: 7 | O29: ='RESUMO ok'!E21 -> 6224.3132 | P29: =O29*$M$4 -> 1140.2942
F30: =F28 -> 0.33333333 | G30: =G28+F30 -> 0.66666667 | H30: =G30+H28 -> 1 | P30: =O30*$M$2 -> 0 | R30: =O29+O30 -> 6224.3132
A31: 7 | B31: ='RESUMO ok'!C22 -> ENSAIOS E ART | F31: 0.33333333 | G31: 0.33333333 | H31: 0.33333333 | J31: =I32/$I$93 -> 0.0031934921
F32: =$L$32*F31 -> 188.78745 | G32: =$L$32*G31 -> 188.78745 | H32: =$L$32*H31 -> 188.78745 | I32: =SUM(F32:H32) -> 566.36234 | L32: =O32+P32 -> 566.36234 | M32: 8 | O32: ='RESUMO ok'!E22 -> 478.67 | P32: =O32*$M$4 -> 87.692344
F33: =F31 -> 0.33333333 | G33: =G31+F33 -> 0.66666667 | H33: =G33+H31 -> 1 | R33: =O32+O33 -> 478.67
A34: 8 | B34: ='RESUMO ok'!C23 -> ADMINISTRAÇÃO LOCAL | F34: 0.33333333 | G34: 0.33333333 | H34: 0.33333333 | J34: =I35/$I$93 -> 0.098743009
F35: =$L$35*F34 -> 5837.3217 | G35: =$L$35*G34 -> 5837.3217 | H35: =$L$35*H34 -> 5837.3217 | I35: =SUM(F35:H35) -> 17511.965 | L35: =O35+P35 -> 17511.965 | M35: 9 | O35: ='RESUMO ok'!E23 -> 14800.511 | P35: =O35*$M$4 -> 2711.4537
F36: =F34 -> 0.33333333 | G36: =G34+F36 -> 0.66666667 | H36: =G36+H34 -> 1
A37: 9 | B37: ='ORÇAMENTO ok'!#REF! -> #REF! | F37: 0.33333333 | G37: 0 | H37: 0 | J37: =I38/$I$93 -> 0
F38: =$L$38*F37 -> 0 | G38: =$L$38*G37 -> 0 | H38: =$L$38*H37 -> 0 | I38: =SUM(F38:H38) -> 0 | L38: 0 | M38: 10 | O38: 0 | P38: =O38*$M$4 -> 0 | R38: =O38+O39 -> #REF!
F39: =F37 -> 0.33333333 | G39: =G37+F39 -> 0.33333333 | H39: =G39+H37 -> 0.33333333 | O39: ='ORÇAMENTO ok'!#REF!+'ORÇAMENTO ok'!#REF! -> #REF! | P39: =O39*$M$2 -> #REF!
A40: 10 | B40: ='ORÇAMENTO ok'!#REF! -> #REF! | F40: 0.33333333 | G40: 0.33333333 | H40: 0.33333333 | J40: =I41/$I$93 -> 0
F41: =$L$41*F40 -> 0 | G41: =$L$41*G40 -> 0 | H41: =$L$41*H40 -> 0 | I41: =SUM(F41:H41) -> 0 | L41: =O41+P41 -> 0 | M41: 11 | O41: 0 | P41: =O41*$M$4 -> 0
F42: =F40 -> 0.33333333 | G42: =G40+F42 -> 0.66666667 | H42: =G42+H40 -> 1
A43: 11 | B43: ='ORÇAMENTO ok'!#REF! -> #REF! | F43: 0.33333333 | G43: 0.33333333 | H43: 0.33333333 | J43: =I44/$I$93 -> 0
F44: =$L$44*F43 -> 0 | G44: =$L$44*G43 -> 0 | H44: =$L$44*H43 -> 0 | I44: =SUM(F44:H44) -> 0 | L44: 0 | M44: 11 | O44: 0 | P44: =O44*$M$4 -> 0
F45: =F43 -> 0.33333333 | G45: =G43+F45 -> 0.66666667 | H45: =G45+H43 -> 1 | O45: ='ORÇAMENTO ok'!#REF!+'ORÇAMENTO ok'!#REF! -> #REF! | P45: =O45*$M$2 -> #REF!
A46: 12 | B46: ='ORÇAMENTO ok'!#REF! -> #REF! | F46: 0.33333333 | G46: 0.33333333 | H46: 0.33333333 | J46: =I47/$I$93 -> 0
F47: =$L$47*F46 -> 0 | G47: =$L$47*G46 -> 0 | H47: =$L$47*H46 -> 0 | I47: =SUM(F47:H47) -> 0 | L47: =O47+P47 -> 0 | M47: 12 | O47: 0 | P47: =O47*$M$4 -> 0
F48: =F46 -> 0.33333333 | G48: =G46+F48 -> 0.66666667 | H48: =G48+H46 -> 1
A49: 13 | B49: ='ORÇAMENTO ok'!#REF! -> #REF! | F49: 0 | G49: 0.5 | H49: 0.5 | J49: =I50/$I$93 -> 0
F50: =$L$50*F49 -> 0 | G50: =$L$50*G49 -> 0 | H50: =$L$50*H49 -> 0 | I50: =SUM(F50:H50) -> 0 | L50: =O50+P50 -> 0 | M50: 11 | O50: 0 | P50: =O50*$M$4 -> 0
F51: =F49 -> 0 | G51: =G49+F51 -> 0.5 | H51: =G51+H49 -> 1
A52: 14 | B52: ='ORÇAMENTO ok'!#REF! -> #REF! | F52: 0.33333333 | G52: 0.33333333 | H52: 0.33333333 | J52: =I53/$I$93 -> 0
F53: =$L$53*F52 -> 0 | G53: =$L$53*G52 -> 0 | H53: =$L$53*H52 -> 0 | I53: =SUM(F53:H53) -> 0 | L53: =O53+P53 -> 0 | M53: 13 | O53: 0 | P53: =O53*$M$4 -> 0
F54: =F52 -> 0.33333333 | G54: =G52+F54 -> 0.66666667 | H54: =G54+H52 -> 1
A55: 15 | B55: ='RESUMO ok'!C35 -> 0 | F55: 0.5 | G55: 0.5 | H55: 0 | J55: =I56/$I$93 -> 0
F56: =$L$56*F55 -> 0 | G56: =$L$56*G55 -> 0 | H56: =$L$55*H55 -> 0 | I56: =SUM(F56:H56) -> 0 | L56: =O56+P56 -> 0 | M56: 14
F57: =F55 -> 0.5 | G57: =G55+F57 -> 1 | H57: =H55 -> 0
A58: 16 | B58: ='RESUMO ok'!C36 -> 0 | F58: 0 | G58: 1 | H58: 0 | J58: =I59/$I$93 -> 0
F59: =$L$59*F58 -> 0 | G59: =$L$59*G58 -> 0 | H59: =$L$59*H58 -> 0 | I59: =SUM(F59:H59) -> 0 | L59: =O59+P59 -> 0 | M59: 15
F60: =F58 -> 0 | G60: =G58+F60 -> 1 | H60: =H58 -> 0
A61: 17 | F61: 0.2 | G61: 0.2 | H61: 0 | J61: =I62/$I$93 -> #REF!
F62: =$L$62*F61 -> 0 | G62: =$L$62*D61 -> 0 | H62: =$L$62*H61 -> 0 | I62: =F62+D62+#REF!+#REF!+#REF!+H62 -> #REF! | L62: =O62+P62 -> 0 | M62: 15
F63: =F61 -> 0.2 | G63: =D61 -> 0 | H63: =H61 -> 0
A64: 18 | F64: 0.2 | G64: 0.2 | H64: 0 | J64: =I65/$I$93 -> #REF!
F65: =$L$65*F64 -> 0 | G65: =$L$65*D64 -> 0 | H65: =$L$65*H64 -> 0 | I65: =F65+D65+#REF!+#REF!+#REF!+H65 -> #REF! | L65: =O65+P65 -> 0 | M65: 16
F66: =F64 -> 0.2 | G66: =D64 -> 0 | H66: =H64 -> 0
A67: 19 | F67: 0.2 | G67: 0.2 | H67: 0 | J67: =I68/$I$93 -> #REF!
F68: =$L$68*F67 -> 0 | G68: =$L$68*D67 -> 0 | H68: =$L$68*H67 -> 0 | I68: =F68+D68+#REF!+#REF!+#REF!+H68 -> #REF! | L68: =O68+P68 -> 0 | M68: 17
F69: =F67 -> 0.2 | G69: =D67 -> 0 | H69: =H67 -> 0
A70: 20 | F70: 0.2 | G70: 0.2 | H70: 0 | J70: =I71/$I$93 -> #REF!
F71: =$L$71*F70 -> 0 | G71: =$L$71*D70 -> 0 | H71: =$L$71*H70 -> 0 | I71: =F71+D71+#REF!+#REF!+#REF!+H71 -> #REF! | L71: =O71+P71 -> 0 | M71: 18
F72: =F70 -> 0.2 | G72: =D70 -> 0 | H72: =H70 -> 0
A73: 21 | F73: 0.2 | G73: 0.2 | H73: 0 | J73: =I74/$I$93 -> #REF!
F74: =$L$74*F73 -> 0 | G74: =$L$74*D73 -> 0 | H74: =$L$74*H73 -> 0 | I74: =F74+D74+#REF!+#REF!+#REF!+H74 -> #REF! | L74: =O74+P74 -> 0 | M74: 19
F75: =F73 -> 0.2 | G75: =D73 -> 0 | H75: =H73 -> 0
A76: 22 | F76: 0.2 | G76: 0.2 | H76: 0 | J76: =I77/$I$93 -> #REF!
F77: =$L$77*F76 -> 0 | G77: =$L$77*D76 -> 0 | H77: =$L$77*H76 -> 0 | I77: =F77+D77+#REF!+#REF!+#REF!+H77 -> #REF! | L77: =O77+P77 -> 0 | M77: 20
F78: =F76 -> 0.2 | G78: =D76 -> 0 | H78: =H76 -> 0
A79: 23 | F79: 0.2 | G79: 0.2 | H79: 0 | J79: =I80/$I$93 -> #REF!
F80: =$L$80*F79 -> 0 | G80: =$L$80*D79 -> 0 | H80: =$L$80*H79 -> 0 | I80: =F80+D80+#REF!+#REF!+#REF!+H80 -> #REF! | L80: =O80+P80 -> 0 | M80: 21
F81: =F79 -> 0.2 | G81: =D79 -> 0 | H81: =H79 -> 0
A82: 24 | F82: 0.2 | G82: 0.2 | H82: 0 | J82: =I83/$I$93 -> #REF!
F83: =$L$83*F82 -> 0 | G83: =$L$83*D82 -> 0 | H83: =$L$83*H82 -> 0 | I83: =F83+D83+#REF!+#REF!+#REF!+H83 -> #REF! | L83: =O83+P83 -> 0 | M83: 22
F84: =F82 -> 0.2 | G84: =D82 -> 0 | H84: =H82 -> 0
A85: 25 | F85: 0.2 | G85: 0.2 | H85: 0 | J85: =I86/$I$93 -> #REF!
F86: =$L$86*F85 -> 0 | G86: =$L$86*D85 -> 0 | H86: =$L$86*H85 -> 0 | I86: =F86+D86+#REF!+#REF!+#REF!+H86 -> #REF! | L86: =O86+P86 -> 0 | M86: 23
F87: =F85 -> 0.2 | G87: =D85 -> 0 | H87: =H85 -> 0
A88: 26 | F88: 0.2 | G88: 0.2 | H88: 0 | J88: =I89/$I$93 -> #REF!
F89: =$L$89*F88 -> 0 | G89: =$L$89*D88 -> 0 | H89: =$L$89*H88 -> 0 | I89: =F89+D89+#REF!+#REF!+#REF!+H89 -> #REF! | L89: =O89+P89 -> 0 | M89: 24
F90: =F88 -> 0.2 | G90: =D88 -> 0 | H90: =H88 -> 0
A91: Desmbolso Mensal | F91: =F14+F17+F20+F23+F26+F29+F32+F35 -> 59116.303 | G91: =G14+G17+G20+G23+G26+G29+G32+G35 -> 59116.303 | H91: =H14+H17+H20+H23+H26+H29+H32+H35 -> 59116.303 | I91: =SUM(F91:H91)+0.0001 -> 177348.91 | J91: =SUM(J13:J60) -> 1 | L91: =SUM(L14:L32) -> 159836.94
A92: Porcentagem Parcial | F92: =F91/$I$93 -> 0.33333333 | G92: =G91/$I$93 -> 0.33333333 | H92: =H91/$I$93 -> 0.33333333 | I92: =SUM(F92:H92) -> 1 | O92: =SUM(O14:O32) -> 135088.7 | P92: =P14+P17+#REF!+P20+P23+P26+P29+P30+P32+P33+P35+P39+P42+P48+P51+#REF!+P56+P59 -> #REF!
A93: Desmbolso Total | F93: =F91 -> 59116.303 | G93: =G91+F93 -> 118232.61 | H93: =H91+G93 -> 177348.91 | I93: =SUM(I13:I36)+0.0001 -> 177348.91
A94: Porcentagem Acumulada | F94: =F92 -> 0.33333333 | G94: =G93/$I$93 -> 0.66666667 | H94: =H93/$I$93 -> 1 | I94: =G92+F94+H92 -> 1 | L94: =I93-L91 -> 17511.965 | M94: CONFERÊNCIA | R94: =P14+P17+#REF!+P20+P23+P26+P29+P32+P35+P39+P42+P48+P51+#REF!+P56+P59 -> #REF!
P95: =O92+P92 -> #REF!

Sheet ABC ok
A1: CURVA ABC
A2: ='ORÇAMENTO ok'!B4 -> Estimativa Nº: SSN 25/20 SEM DESONERAÇÃO
A3: ='ORÇAMENTO ok'!B5 -> Interessado: PROCESSO Nº 00112-00014823/2018-10
A4: ='ORÇAMENTO ok'!B6 -> Objeto: EXECUÇÃO DA COTENÇÃO DA PONTE JK.
A5: ='ORÇAMENTO ok'!B7 -> Local: PONTE JK, BRASÍLIA-DF
A6: ='ORÇAMENTO ok'!B8 -> Orçado por: Flávio Bittar
A7: Atualizado por: Fabio Rossignoli Marques
A8: ='ORÇAMENTO ok'!B9 -> Data da Estimativa de Preços: 15/04/2020
A10: SICRO / SINAPI | B10: DESCRIÇÃO | C10: Unid. | D10: Quantia | E10: Custo unitário | F10: Custo Total do Item | G10: % | H10: % ACUM. | I10: CLASSIF.
A11: 92743 | B11: MURO DE GABIÃO, ENCHIMENTO COM PEDRA DE MÃO TIPO RACHÃO, DE GRAVIDADE, COM GAIOLAS DE COMPRIMENTO IGUAL A 2 M, PARA MUROS COM ALTURA MENOR OU IGUAL A 4 M FORNECIMENTO E EXECUÇÃO. AF_12/2015 | C11: m3 | D11: 136.22 | E11: 528.53 | F11: =D11*E11 -> 71996.357 | G11: =F11/$F$35 -> 0.53295619 | H11: =G11 -> 0.53295619 | I11: B
A12: 73698 | B12: ENROCAMENTO MANUAL, COM ARRUMACAO DO MATERIAL | C12: m3 | D12: 89.71 | E12: 255.89 | F12: =D12*E12 -> 22955.892 | G12: =F12/$F$35 -> 0.169932 | H12: =H11+G12 -> 0.70288819 | I12: B
A13: 4730 | B13: PEDRA DE MAO OU PEDRA RACHAO PARA ARRIMO /FUNDACAO (POSTO PEDREIRA /FORNECEDOR, SEM FRETE) | C13: m3 | D13: 89.71 | E13: 88.66 | F13: =D13*E13 -> 7953.6886 | G13: =F13/$F$35 -> 0.058877529 | H13: =H12+G13 -> 0.76176572 | I13: B
A14: 95878 | B14: TRANSPORTE COM CAMINHÃO BASCULANTE DE 10 M3, EM VIA URBANA PAVIMENTADA, DMT ATÉ 30 KM (UNIDADE: TXKM). AF_12/2016 | C14: t*km | D14: 9912.2877 | E14: 0.67 | F14: =D14*E14 -> 6641.2328 | G14: =F14/$F$35 -> 0.049162017 | H14: =H13+G14 -> 0.81092773 | I14: C
A15: 1525 | B15: CONCRETO USINADO BOMBEAVEL, CLASSE DE RESISTENCIA C30, COM BRITA 0 E 1, SLUMP = 100 +/- 20 MM, INCLUI SERVICO DE BOMBEAMENTO (NBR 8953) | C15: m3 | D15: 18.9 | E15: 311.3 | F15: =D15*E15 -> 5883.57 | G15: =F15/$F$35 -> 0.043553385 | H15: =H14+G15 -> 0.85448112 | I15: C
A16: 94991 | B16: EXECUÇÃO DE PASSEIO (CALÇADA) OU PISO DE CONCRETO COM CONCRETO MOLDADO IN LOCO, USINADO, ACABAMENTO CONVENCIONAL, NÃO ARMADO. AF_07/2016 | C16: m3 | D16: 9.6 | E16: 425.09 | F16: =D16*E16 -> 4080.864 | G16: =F16/$F$35 -> 0.030208775 | H16: =H15+G16 -> 0.8846899 | I16: C
A17: 94273M | B17: ASSENTAMENTO DE GUIA (MEIO-FIO) TIPO CORDÃO, EM TRECHO RETO, CONFECCIONADA EM CONCRETO PRÉ-FABRICADO, DIMENSÕES 100X12X7X20 CM (COMPRIMENTO X BASE INFERIOR X BASE SUPERIOR X ALTURA), PARA VIAS URBANAS (USO VIÁRIO) (FORNECIMENTO E INSTALAÇÃO) | C17: m | D17: 120 | E17: 28.89 | F17: =D17*E17 -> 3466.8 | G17: =F17/$F$35 -> 0.025663139 | H17: =H16+G17 -> 0.91035303 | I17: C
A18: 6077 | B18: ARGILA OU BARRO PARA ATERRO/REATERRO (RETIRADO NA JAZIDA, SEM TRANSPORTE) | C18: m3 | D18: 194.61 | E18: 16.29 | F18: =D18*E18 -> 3170.1969 | G18: =F18/$F$35 -> 0.023467522 | H18: =H17+G18 -> 0.93382056 | I18: C
A19: 98504 | B19: PLANTIO DE GRAMA EM PLACAS. AF_05/2018 | C19: m2 | D19: 315 | E19: 8.35 | F19: =D19*E19 -> 2630.25 | G19: =F19/$F$35 -> 0.019470541 | H19: =H18+G19 -> 0.9532911 | I19: C
A20: 1600436M | B20: DEMOLIÇÃO DE CONCRETO SIMPLES | C20: m3 | D20: 9.421 | E20: 237.52 | F20: =D20*E20 -> 2237.6759 | G20: =F20/$F$35 -> 0.016564494 | H20: =H19+G20 -> 0.96985559 | I20: C
A21: 98524 | B21: LIMPEZA MANUAL DE VEGETAÇÃO EM TERRENO COM ENXADA.AF_05/2018 | C21: m2 | D21: 315 | E21: 2.75 | F21: =D21*E21 -> 866.25 | G21: =F21/$F$35 -> 0.0064124537 | H21: =H20+G21 -> 0.97626805 | I21: C
A22: 92874 | B22: LANÇAMENTO COM USO DE BOMBA, ADENSAMENTO E ACABAMENTO DE CONCRETO EM ESTRUTURAS. AF_12/2015 | C22: m3 | D22: 18.9 | E22: 28.77 | F22: =D22*E22 -> 543.753 | G22: =F22/$F$35 -> 0.0040251555 | H22: =H21+G22 -> 0.9802932 | I22: C
A23: 41721 | B23: COMPACTACAO MECANICA A 95% DO PROCTOR NORMAL - PAVIMENTACAO URBANA | C23: m3 | D23: 117.63 | E23: 3.243 | F23: =D23*E23 -> 381.47409 | G23: =F23/$F$35 -> 0.0028238787 | H23: =H22+G23 -> 0.98311708 | I23: C
A24: 41722 | B24: COMPACTACAO MECANICA A 100% DO PROCTOR NORMAL - PAVIMENTACAO URBANA | C24: m3 | D24: 76.98 | E24: 4.6069 | F24: =D24*E24 -> 354.63916 | G24: =F24/$F$35 -> 0.002625232 | H24: =H23+G24 -> 0.98574231 | I24: C
A25: 83336 | B25: ESCAVACAO MECANICA PARA ACERTO DE TALUDES, EM MATERIAL DE 1A CATEGORIA, COM ESCAVADEIRA HIDRAULICA | C25: m3 | D25: 89.71 | E25: 3.95 | F25: =D25*E25 -> 354.3545 | G25: =F25/$F$35 -> 0.0026231247 | H25: =H24+G25 -> 0.98836544 | I25: C
A26: 74010/001 | B26: CARGA E DESCARGA MECANICA DE SOLO UTILIZANDO CAMINHAO BASCULANTE 6,0M3 /16T E PA CARREGADEIRA SOBRE PNEUS 128 HP, CAPACIDADE DA CAÇAMBA 1,7 A 2,8 M3, PESO OPERACIONAL 11632 KG | C26: m3 | D26: 194.61 | E26: 1.44 | F26: =D26*E26 -> 280.2384 | G26: =F26/$F$35 -> 0.0020744771 | H26: =H25+G26 -> 0.99043991 | I26: C
A27: 94273 | B27: ASSENTAMENTO DE GUIA (MEIO-FIO) EM TRECHO RETO, CONFECCIONADA EM CONCRETO PRÉ-FABRICADO, DIMENSÕES 100X15X13X30 CM (COMPRIMENTO X BASE INFERIOR X BASE SUPERIOR X ALTURA), PARA VIAS URBANAS (USO VIÁRIO). AF_06/2016 | C27: m | D27: 7 | E27: 35.08 | F27: =D27*E27 -> 245.56 | G27: =F27/$F$35 -> 0.0018177687 | H27: =H26+G27 -> 0.99225768 | I27: C
A28: 74022/030 | B28: Ensaio de resistência a compressão simples - concreto | C28: un | D28: 1 | E28: 220.03 | F28: =D28*E28 -> 220.03 | G28: =F28/$F$35 -> 0.0016287817 | H28: =H27+G28 -> 0.99388646 | I28: C
A29: 72947 | B29: SINALIZACAO HORIZONTAL COM TINTA RETRORREFLETIVA A BASE DE RESINA ACRILICA COM MICROESFERAS DE VIDRO | C29: m2 | D29: 14 | E29: 15.16 | F29: =D29*E29 -> 212.24 | G29: =F29/$F$35 -> 0.0015711159 | H29: =H28+G29 -> 0.99545758 | I29: C
A30: 72844 | B30: CARGA, MANOBRAS E DESCARGA DE AREIA, BRITA, PEDRA DE MAO E SOLOS COM CAMINHAO BASCULANTE 6 M3 (DESCARGA LIVRE) | C30: t | D30: 332.581 | E30: 0.57 | F30: =D30*E30 -> 189.57117 | G30: =F30/$F$35 -> 0.0014033089 | H30: =H28+G30 -> 0.99528977 | I30: C
A31: 74022/058 | B31: Ensaio de abatimento do tronco de cone | C31: un | D31: 2 | E31: 86.34 | F31: =D31*E31 -> 172.68 | G31: =F31/$F$35 -> 0.0012782713 | H31: =H30+G31 -> 0.99656804 | I31: C
A32: 100574 | B32: ESPALHAMENTO DE MATERIAL COM TRATOR DE ESTEIRAS. AF_11/2019 | C32: m3 | D32: 194.61 | E32: 0.85 | F32: =D32*E32 -> 165.4185 | G32: =F32/$F$35 -> 0.0012245177 | H32: =H31+G32 -> 0.99779256 | I32: C
A33: 6496 ART_1 | B33: Pagamento de Anotação de Responsabilidade Técnica - ART - Lei n° 6.496, de 7 de dezembro de 1977 - Tabela AA - Obra ou Serviço - Contrato até de R$8.000,00 Conforme CREA-DF | C33: un | D33: 1 | E33: 85.96 | F33: =D33*E33 -> 85.96 | G33: =F33/$F$35 -> 0.00063632267 | H33: =H32+G33 -> 0.99842888 | I33: C
F35: =SUM(F11:F33) -> 135088.7 | G35: =SUM(G11:G32) -> 0.99936368 | K35: =SUM(F11:F33) -> 135088.7
A37: RESUMO
A38: Categoria | B38: Percentual | C38: Quant. de Itens | D38: Valor | F38: Acumulado
A39: A | B39: 0 | C39: 0 | D39: 0 | F39: =D39 -> 0
A40: B | B40: =SUM(G11:G13) -> 0.76176572 | C40: 3 | D40: =SUM(F11:F13) -> 102905.94 | F40: =F39+D40 -> 102905.94
A41: C | B41: =SUM(G14:G33) -> 0.23823428 | C41: 20 | D41: =SUM(F14:F33) -> 32182.758 | F41: =F40+D41 -> 135088.7
A42: TOTAL | B42: =SUM(B39:B41) -> 1 | C42: =SUM(C39:C41) -> 23 | D42: =SUM(D39:E41) -> 135088.7 | F42: =F41 -> 135088.7

Sheet BOTA FORA ok
A36: DMT BOTA FORA/OBRA= 29,70 Km
A38: BOTA FORA
A39: Latitude = 15°45'54.12"S Longitude = 47°59'55.46"O
A41: OBRA
A42: Latitude = 15°49'10.39"S Longitude = 47°49'57.45"O

Sheet NOVACAP ok
A36: DMT NOVACAP/OBRA= 18,50 Km
A38: NOVACAP
A39: Latitude = 15°48'54.50"S Longitude = 47°57'18.28"O
A41: OBRA
A42: Latitude = 15°49'10.39"S Longitude = 47°49'57.45"O

Sheet Planilha de Referência
A1: SINAPI 01/01/2020 SEAP SINAPI JAN/20 e SICRO julho 19 versão 01 ANP JAN 20 | D1: S/Des | G1: S/Des | J1: C/Des
A2: SINAPI | B2: DESCRIÇÃO | C2: Unid. | D2: Custo unitário | G2: Custo unitário | J2: Custo unitário
A3: 1525 | B3: CONCRETO USINADO BOMBEAVEL, CLASSE DE RESISTENCIA C30, COM BRITA 0 E 1, SLUMP = 100 +/- 20 MM, INCLUI SERVICO DE BOMBEAMENTO (NBR 8953) | C3: m3 | D3: 311.3 | G3: 311.3 | J3: 311.3
A4: 4012 | B4: GEOTEXTIL NAO TECIDO AGULHADO DE FILAMENTOS CONTINUOS 100% POLIESTER, RESITENCIA A TRACAO = 21 KN/M CR | C4: m² | D4: 10.44 | G4: 10.44 | J4: 10.44
A5: 4718 | B5: PEDRA BRITADA N. 2 (19 A 38 MM) POSTO PEDREIRA/FORNECEDOR, SEM FRETE | C5: m3 | D5: 84.8 | G5: 84.8 | J5: 84.8
A6: 4730 | B6: PEDRA DE MAO OU PEDRA RACHAO PARA ARRIMO /FUNDACAO (POSTO PEDREIRA /FORNECEDOR, SEM FRETE) | C6: m3 | D6: 88.66 | G6: 88.66 | J6: 88.66
A7: 6077 | B7: ARGILA OU BARRO PARA ATERRO/REATERRO (RETIRADO NA JAZIDA, SEM TRANSPORTE) | C7: m3 | D7: 16.29 | G7: 16.29 | J7: 16.29
A8: 6259 | B8: Caminhão pipa 6.000 L, peso bruto total 13.000 kg, distância entre eixos 4,80 m, potência 189 CV inclusive tanque de aço para transporte de água, capacidade 6 m3 - CHP diurno. af_06/2014 | C8: CHP | D8: 151.03 | G8: 151.03 | J8: 149.16
A9: 7725 | B9: TUBO CONCRETO ARMADO, CLASSE PA-1, PB, DN 600 MM, PARA AGUAS PLUVIAIS (NBR 8890) | C9: m | D9: 124.04 | G9: 124.04 | J9: 124.04
A10: 7745 | B10: TUBO CONCRETO ARMADO, CLASSE PA-1, PB, DN 400 MM, PARA AGUAS PLUVIAIS (NBR 8890) | C10: m | D10: 71.01 | G10: 71.01 | J10: 71.01
A11: 7758 | B11: TUBO CONCRETO ARMADO, CLASSE PA-1, PB, DN 1500 MM, PARA AGUAS PLUVIAIS (NBR 8890) | C11: m | D11: 571.26 | G11: 571.26 | J11: 571.26
A12: 36178 | B12: PISO PODOTATIL DE CONCRETO - DIRECIONAL E ALERTA, *40 X 40 X 2,5* CM | C12: un | D12: 7.71 | G12: 7.71 | J12: 7.71
A13: 40671 | B13: PLACA/PISO DE CONCRETO POROSO/ PAVIMENTO PERMEAVEL/BLOCO DRENANTE DE CONCRETO, 40 CM X 40 CM, E = 6 CM, COR NATURAL | C13: m² | D13: 43.96 | G13: 43.96 | J13: 43.96
A14: 40706 | B14: TELA DE ARAME GALV REVESTIDO EM PVC, QUADRANGULAR / LOSANGULAR, FIO 1,24 MM(18 BWG), BITOLA = *1,9* MM, MALHA 1,9 X 1,9 CM, H = 2 M | C14: m² | E14: SAIU
A15: 41721 | B15: COMPACTACAO MECANICA A 95% DO PROCTOR NORMAL - PAVIMENTACAO URBANA | C15: m3 | D15: 3.243 | E15: Fiz comp Ponte JK Brasilia 2020 | G15: 3.243 | J15: 3.1727
A16: 41722 | B16: COMPACTACAO MECANICA A 100% DO PROCTOR NORMAL - PAVIMENTACAO URBANA | C16: m3 | D16: 4.6069 | E16: Fiz comp Ponte JK Brasilia 2020 | G16: 4.6069 | J16: 4.4824
A17: 72840 | B17: TRANSPORTE COMERCIAL COM CAMINHAO CARROCERIA 9 T, RODOVIA PAVIMENTADA | C17: t.km | D17: 0.53 | G17: 0.53 | J17: 0.52
A18: 72844 | B18: CARGA, MANOBRAS E DESCARGA DE AREIA, BRITA, PEDRA DE MAO E SOLOS COM CAMINHAO BASCULANTE 6 M3 (DESCARGA LIVRE) | C18: t | D18: 0.57 | G18: 0.57 | J18: 0.56
A19: 72850 | B19: CARGA, MANOBRAS E DESCARGA DE MATERIAIS DIVERSOS, COM CAMINHAO CARROCERIA 9T (CARGA E DESCARGA MANUAIS) | C19: t | D19: 9.98 | G19: 9.98 | J19: 9.82
A20: 72947 | B20: SINALIZACAO HORIZONTAL COM TINTA RETRORREFLETIVA A BASE DE RESINA ACRILICA COM MICROESFERAS DE VIDRO | C20: m2 | D20: 15.16 | G20: 15.16 | J20: 15.09
A21: 73301 | B21: ESCORAMENTO FORMAS ATE H = 3,30M, COM MADEIRA DE 3A QUALIDADE, NAO APARELHADA, APROVEITAMENTO TABUAS 3X E PRUMOS 4X. | C21: m3 | D21: 9.42 | G21: 9.42 | J21: 8.78
A22: 73665 | B22: ESCADA TIPO MARINHEIRO EM ACO CA-50 9,52MM INCLUSO PINTURA COM FUNDO ANTICORROSIVO TIPO ZARCAO | C22: m | D22: 68.54 | G22: 68.54 | J22: 63.49
A23: 73698 | B23: ENROCAMENTO MANUAL, COM ARRUMACAO DO MATERIAL | C23: m3 | D23: 255.89 | G23: 255.89 | J23: 240.85
A24: 78472 | B24: SERVICOS TOPOGRAFICOS PARA PAVIMENTACAO, INCLUSIVE NOTA DE SERVICOS, ACOMPANHAMENTO E GREIDE | C24: m2 | D24: 0.31 | G24: 0.31 | J24: 0.29
A25: 83336 | B25: ESCAVACAO MECANICA PARA ACERTO DE TALUDES, EM MATERIAL DE 1A CATEGORIA, COM ESCAVADEIRA HIDRAULICA | C25: m3 | D25: 3.95 | G25: 3.95 | J25: 3.79
A26: 83338 | B26: ESCAVACAO MECANICA, A CEU ABERTO, EM MATERIAL DE 1A CATEGORIA, COM ESCAVADEIRA HIDRAULICA, CAPACIDADE DE 0,78 M3 | C26: m3 | D26: 2.14 | G26: 2.14 | J26: 2.07
A27: 83623 | B27: GRELHA DE FERRO FUNDIDO PARA CANALETA LARG = 30CM, FORNECIMENTO E ASSENTAMENTO | C27: m | D27: 197.08 | G27: 197.08 | J27: 196.84
A28: 83627 | B28: TAMPAO FOFO ARTICULADO, CLASSE B125 CARGA MAX 12,5 T, REDONDO TAMPA 600 MM, REDE PLUVIAL/ESGOTO, P = CHAMINE CX AREIA / POCO VISITA ASSENTADO COM ARG CIM/AREIA 1:4, FORNECIMENTO E ASSENTAMENTO | C28: un | D28: 397.09 | G28: 397.09 | J28: 389.45
... A34: 88503 | B34: CAIXA D´ÁGUA EM POLIETILENO, 1000 LITROS, COM ACESSÓRIOS | C34: Unid. | D34: 783.55 | G34: 783.55 | J34: 753.29
A35: 89198 | B35: ESTACA PRÉ-MOLDADA DE CONCRETO, SEÇÃO QUADRADA, CAPACIDADE DE 25 TONELADAS, COMPRIMENTO TOTAL CRAVADO ATÉ 5M, BATE-ESTACAS POR GRAVIDADE SOBRE ROLOS (EXCLUSIVE MOBILIZAÇÃO E DESMOBILIZAÇÃO). AF_03/2016 | C35: m | E35: ACHO QUE PODE TROCAR POR ESTE COD. 100656 E COD. 89212
A36: 89259 | B36: GUINDAUTO HIDRÁULICO, CAPACIDADE MÁXIMA DE CARGA 6200 KG, MOMENTO MÁXIMO DE CARGA 11,7 TM, ALCANCE MÁXIMO HORIZONTAL 9,70 M, INCLUSIVE CAMINHÃO TOCO PBT 16.000 KG, POTÊNCIA DE 189 CV - DEPRECIAÇÃO. AF_06/2014 | C36: h | D36: 9.77 | G36: 9.77 | J36: 9.77
A37: 89356 | B37: TUBO, PVC, SOLDÁVEL, DN 25MM, INSTALADO EM RAMAL OU SUB-RAMAL DE ÁGUA - FORNECIMENTO E INSTALAÇÃO. AF_12/2014 | C37: m | D37: 17.56 | G37: 17.56 | J37: 16.12
A38: 90091 | B38: ESCAVAÇÃO MECANIZADA DE VALA COM PROF. ATÉ 1,5 M(MÉDIA ENTRE MONTANTE E JUSANTE/UMA COMPOSIÇÃO POR TRECHO), COM ESCAVADEIRA HIDRÁULICA (0,8 M3/111 HP), LARG. DE 1,5M A 2,5 M, EM SOLO DE 1A CATEGORIA, LOCAIS COM BAIXO NÍVEL DE INTERFERÊNCIA. AF_01/2015 | C38: m3 | D38: 4.38 | G38: 4.38 | J38: 4.21
A39: 90092 | B39: ESCAVAÇÃO MECANIZADA DE VALA COM PROF. MAIOR QUE 1,5 M E ATÉ 3,0 M(MÉDIA ENTRE MONTANTE E JUSANTE/UMA COMPOSIÇÃO POR TRECHO), COM ESCAVADEIRA HIDRÁULICA (0,8 M3/111 HP), LARG. MENOR QUE 1,5 M, EM SOLO DE 1A CATEGORIA, LOCAIS COM BAIXO NÍVEL DE INTERFERÊNCIA. AF_01/2015 | C39: m3 | D39: 4.25 | G39: 4.25 | J39: 4.08
A40: 90093 | B40: ESCAVAÇÃO MECANIZADA DE VALA COM PROF. MAIOR QUE 1,5 M ATÉ 3,0 M (MÉDIA ENTRE MONTANTE E JUSANTE/UMA COMPOSIÇÃO POR TRECHO), COM ESCAVADEIRA HIDRÁULICA (0,8 M3/111 HP), LARG. DE 1,5 M A 2,5 M, EM SOLO DE 1A CATEGORIA, LOCAIS COM BAIXO NÍVEL DE INTERFERÊNCIA. AF_01/2015 | C40: m3 | D40: 4 | G40: 4 | J40: 3.85
A41: 90095 | B41: ESCAVAÇÃO MECANIZADA DE VALA COM PROF. MAIOR QUE 3,0 M ATÉ 4,5 M (MÉDIA ENTRE MONTANTE E JUSANTE/UMA COMPOSIÇÃO POR TRECHO), COM ESCAVADEIRA HIDRÁULICA (1,2 M3/155 HP), LARG. DE 1,5 M A 2,5 M, EM SOLO DE 1A CATEGORIA, LOCAIS COM BAIXO NÍVEL DE INTERFERÊNCIA. AF_01/2015 | C41: m3 | D41: 3.47 | G41: 3.47 | J41: 3.37
A42: 90105 | B42: ESCAVAÇÃO MECANIZADA DE VALA COM PROFUNDIDADE ATÉ 1,5 M (MÉDIA ENTRE MONTANTE E JUSANTE/UMA COMPOSIÇÃO POR TRECHO) COM RETROESCAVADEIRA (CAPACIDADE DA CAÇAMBA DA RETRO: 0,26 M3 / POTÊNCIA: 88 HP), LARGURA MENOR QUE 0,8 M, EM SOLO DE 1A CATEGORIA, LOCAIS COM BAIXO NÍVEL DE INTERFERÊNCIA. AF_01/2015 | C42: m3 | D42: 6.03 | G42: 6.03 | J42: 5.74
A43: 90998 | B43: FORMAS MANUSEÁVEIS PARA PAREDES DE CONCRETO MOLDADAS IN LOCO, DE EDIFICAÇÕES DE MULTIPLOS PAVIMENTOS, EM LAJES. AF_06/2015 | C43: m2 | D43: 21.45 | G43: 21.45 | J43: 19.75
A44: 91004 | B44: FORMAS MANUSEÁVEIS PARA PAREDES DE CONCRETO MOLDADAS IN LOCO, DE EDIFICAÇÕES DE PAVIMENTO ÚNICO, EM FACES INTERNAS DE PAREDES. AF_06/2015 | C44: m2 | D44: 13.65 | G44: 13.65 | J44: 12.65
A45: 91070 | B45: EXECUÇÃO DE REVESTIMENTO DE CONCRETO PROJETADO COM ESPESSURA DE 10 CM, ARMADO COM TELA, INCLINAÇÃO MENOR QUE 90°, APLICAÇÃO CONTÍNUA, UTILIZANDO EQUIPAMENTO DE PROJEÇÃO COM 6 M³/H DE CAPACIDADE. AF_01/2016 | C45: m2 | D45: 90.33 | G45: 90.33 | J45: 88.18
A46: 92210 | B46: TUBO DE CONCRETO PARA REDES COLETORAS DE ÁGUAS PLUVIAIS, DIÂMETRO DE 400 MM, JUNTA RÍGIDA, INSTALADO EM LOCAL COM BAIXO NÍVEL DE INTERFERÊNCIAS - FORNECIMENTO E ASSENTAMENTO. AF_12/2015 | C46: m | D46: 107.93 | G46: 107.93 | J46: 105.74
A47: 92212 | B47: TUBO DE CONCRETO PARA REDES COLETORAS DE ÁGUAS PLUVIAIS, DIÂMETRO DE 600 MM, JUNTA RÍGIDA, INSTALADO EM LOCAL COM BAIXO NÍVEL DE INTERFERÊNC IAS - FORNECIMENTO E ASSENTAMENTO. AF_12/2015 | C47: m | D47: 178.26 | G47: 178.26 | J47: 175.11
... A122: 100576 | B122: REGULARIZACAO E COMPACTACAO DE SUBLEITO ARGILOSO. AF_11/2019 | C122: m2 | D122: 1.41 | G122: 1.41 | J122: 1.33
A123: 01-10-00 PMSP | B123: LEVANTAMENTO PLANIALTIMÉTRICO CADASTRAL | C123: m² | D123: 0.3814 | G123: 0.3814 | J123: 0.3486
A124: 01-23-00 PMSP | B124: CADASTRO DE CANALIZAÇÕES CIRCULARES | C124: m | D124: 3.1841 | G124: 3.1841 | J124: 2.9053
A125: 01-25-00 PMSP | B125: CADASTRO E AMARRAÇÂO DE BOCA DE LOBO OU LEÃO | C125: un | D125: 29.1106 | G125: 29.1106 | J125: 26.6326
A126: 01-26-00 PMSP | B126: CADASTRO E AMARRAÇÃO DE PV | C126: un | D126: 41.6573 | G126: 41.6573 | J126: 37.935
A127: 06.21.00M / PMSP | B127: LEVANTAMENTO OU REBAIXAMENTO DE TAMPÃO DE POÇO DE VISITA | C127: Unid. | D127: 102.14 | G127: 102.14 | J127: 95.87
A128: 0605576M | B128: Bueiro metálico sem interrupção de tráfego com D = 2,20 m - chapa com epóxi - escavado em material de 1ª categoria - aterro rodoviário máximo = 4,9 m | C128: m | D128: 6001.95 | E128: MEU CPU | G128: 6001.95 | J128: 5775.156
A129: 1600436M | B129: DEMOLIÇÃO DE CONCRETO SIMPLES | C129: m3 | D129: 237.52 | G129: 237.52 | J129: 215.89
A130: 2003682M / SICRO | B130: POÇO DE VISITA Ø= 800 - PVI 03 - AREIA E BRITA COMERCIAIS | C130: Unid. | D130: 1690.63 | G130: 1690.63 | J130: 1609.17
A131: 2003684M / SICRO | B131: POÇO DE VISITA Ø= 1000 - PVI 04 - AREIA E BRITA COMERCIAIS | C131: Unid. | D131: 2019.91 | G131: 2019.91 | J131: 1922.81
A132: 2003686M / SICRO | B132: POÇO DE VISITA Ø= 1200 - PVI 05 - AREIA E BRITA COMERCIAIS | C132: Unid. | D132: 2387.31 | G132: 2387.31 | J132: 2271.62
A133: 2003688M / SICRO | B133: POÇO DE VISITA Ø= 1500 - PVI 06 - AREIA E BRITA COMERCIAIS | C133: Unid. | D133: 2982.18 | G133: 2982.18 | J133: 2835.67
A134: 36205M Insumo (PMSP) | B134: CHAPÉU DE BOCA DE LOBO (MEIO FIO VAZADO) | C134: Unid. | D134: 29.16 | E134: MEU CPU | G134: 29.16 | J134: 29.16
A135: 4011463M / SICRO | B135: CONCRETO ASFÁLTICO - FAIXA C - AREIA E BRITA COMERCIAIS (EXCLUSIVE CAP 50/70) | C135: t | D135: 113.08 | G135: 113.08 | J135: 112.64
A136: 4011479M | B136: FRESAGEM CONTÍNUA DE REVESTIMENTO BETUMINOSO | C136: m3 | D136: 32.94 | G136: 32.94 | J136: 32.65
A137: 4493M / NOVACAP | B137: FORNECIMENTO DE TAMPA ADUELA PONTA E BOLSA EM CONCRETO ARMADO PARA POÇO DE VISITA , Ø0,70M, E=0,08M | C137: Unid. | D137: 64.13 | G137: 64.13 | J137: 64.13
A138: 5213364M /SICRO | B138: REMOÇÃO DE PLACA DE SINALIZAÇÃO | C138: m² | D138: 14.23 | G138: 14.23 | J138: 13.63
A139: 5213414M / SICRO | B139: CONFECÇÃO DE PLACA EM AÇO Nº 16 GALVANIZADO, COM PELÍCULA RETRORREFLETIVA TIPO I + SI | C139: m2 | D139: 397.34 | G139: 397.34 | J139: 393.85
A140: 5213417M /SICRO | B140: CONFECÇÃO DE PLACA EM AÇO Nº 16 GALVANIZADO, COM PELÍCULA RETRORREFLETIVA TIPO I + III | C140: m² | D140: 271.35 | G140: 271.35 | J140: 267.86
A141: 5213851M /SICRO | B141: FORNECIMENTO E IMPLANTAÇÃO DE SUPORTE METÁLICO GALVANIZADO PARA PLACA DE REGULAMENTAÇÃO - D = 0,60 M | C141: Unid. | D141: 209.88 | G141: 209.88 | J141: 208.56
A142: 5502929M | B142: Escavação, carga e transporte de solos moles - DMT de 800 a 1.000 m - caminho de serviço em revestimento primário - com caminhão basculante | C142: m3 | D142: 10.49 | E142: MEU CPU | G142: 10.49 | J142: 10.34
A143: 5914640 / SICRO | B143: Transporte com cavalo mecânico de 30 t - rodovia pavimentada | C143: t*km | D143: 0.32 | G143: 0.32 | J143: 0.32
A144: 6496 ART_1 | B144: Pagamento de Anotação de Responsabilidade Técnica - ART - Lei n° 6.496, de 7 de dezembro de 1977 - Tabela AA - Obra ou Serviço - Contrato até de R$8.000,00 Conforme CREA-DF | C144: un | D144: 85.96 | G144: 85.96 | J144: 85.96
A145: 6496 ART_2 | B145: Pagamento de Anotação de Responsabilidade Técnica - ART - Lei n° 6.496, de 7 de dezembro de 1977 - Tabela AA - Obra ou Serviço - Contrato de R$8.000,01 até 15.000,00 Conforme CREA-DF | C145: un | D145: 150.44 | G145: 150.44 | J145: 150.44
A146: 6496 ART_3 | B146: Pagamento de Anotação de Responsabilidade Técnica - ART - Lei n° 6.496, de 7 de dezembro de 1977 - Tabela AA - Obra ou Serviço - Contrato acima de R$ 15.000,00. Conforme CREA-DF | C146: un | D146: 226.5 | G146: 226.5 | J146: 226.5
A147: 72961M | B147: REGULARIZACAO E COMPACTACAO DE SUBLEITO ATE 20 CM DE ESPESSURA | C147: m2 | D147: 1.34 | E147: Eu Fiz Estrutural Anel viário Obs. : Esta CPU é antiga do SINAPI Jul 19 | G147: 1.34 | J147: 1.3
A148: 73816/001 | B148: EXECUCAO DE DRENO COM TUBOS DE PVC CORRUGADO FLEXIVEL PERFURADO - DN 100 | C148: m | D148: 29.74 | G148: 29.74 | J148: 28.5
A149: 73817/002 | B149: EMBASAMENTO DE MATERIAL GRANULAR - RACHAO | C149: m3 | D149: 147.84 | G149: 147.84 | J149: 144.06
A150: 73859/001 | B150: DESMATAMENTO E LIMPEZA MECANIZADA DE TERRENO COM REMOCAO DE CAMADA VEGETAL, UTILIZANDO TRATOR DE ESTEIRAS | C150: m2 | D150: 0.12 | G150: 0.12 | J150: 0.12
A151: 73859/001 | B151: DESMATAMENTO E LIMPEZA MECANIZADA DE TERRENO COM REMOCAO DE CAMADA VEGETAL, UTILIZANDO TRATOR DE ESTEIRAS | C151: m2 | D151: 0.12 | G151: 0.12 | J151: 0.12
A152: 73932/001 | B152: GRADE DE FERRO EM BARRA CHATA 3/16" | C152: m2 | D152: 0 | G152: 0 | J152: 0
A153: 73990/001 | B153: ARMACAO ACO CA-50 P/1,0M3 DE CONCRETO | C153: UN | D153: 573.87 | G153: 573.87 | J153: 561.55
A154: 74005/001 | B154: COMPACTACAO MECANICA, SEM CONTROLE DO GC (C/COMPACTADOR PLACA 400 KG) | C154: m3 | D154: 5.08 | G154: 5.08 | J154: 4.71
A155: 74005/002 | B155: COMPACTACAO MECANICA C/ CONTROLE DO GC>=95% DO PN (AREAS) (C/MONIVELADORA 140 HP E ROLO COMPRESSOR VIBRATORIO 80 HP) | C155: m3 | E155: SAIU
A156: 74010/001 | B156: CARGA E DESCARGA MECANICA DE SOLO UTILIZANDO CAMINHAO BASCULANTE 6,0M3 /16T E PA CARREGADEIRA SOBRE PNEUS 128 HP, CAPACIDADE DA CAÇAMBA 1,7 A 2,8 M3, PESO OPERACIONAL 11632 KG | C156: m3 | D156: 1.44 | G156: 1.44 | J156: 1.42
A157: 74021/3 | B157: Ensaios de regularização do subleito | C157: m² | D157: 1.38 | G157: 1.38 | J157: 1.2
A158: 74021/6 | B158: Ensaios de base estabilizada granulometricamente | C158: m3 | D158: 2.64 | G158: 2.64 | J158: 2.31
A159: 74022/030 | B159: Ensaio de resistência a compressão simples - concreto | C159: un | D159: 220.03 | G159: 220.03 | J159: 192.38
A160: 74022/030/ SINAPI -ORSE | B160: ENSAIO DE RESISTENCIA A COMPRESSAO SIMPLES - CONCRETO | C160: un | D160: 216.65 | G160: 216.65 | J160: 190.26
A161: 74022/058 | B161: Ensaio de abatimento do tronco de cone | C161: un | D161: 86.34 | G161: 86.34 | J161: 75.25
A162: 74142/004 | B162: CERCA COM MOUROES DE CONCRETO, SECAO "T" PONTA INCLINADA, 10X10CM, ESPACAMENTO DE 3M, CRAVADOS 0,5M, COM 11 FIOS DE ARAME FARPADO Nº 16 | C162: m | D162: 56.71 | G162: 56.71 | J162: 54.95
A163: 74151/001 | B163: ESCAVACAO E CARGA MATERIAL 1A CATEGORIA, UTILIZANDO TRATOR DE ESTEIRAS DE 110 A 160HP COM LAMINA, PESO OPERACIONAL * 13T E PA CARREGADEIRACOM 170 HP. | C163: m3 | D163: 2.58 | G163: 2.58 | J163: 2.53
A164: 74154/001 | B164: ESCAVACAO, CARGA E TRANSPORTE DE MATERIAL DE 1A CATEGORIA COM TRATOR SOBRE ESTEIRAS 347 HP E CACAMBA 6M3, DMT 50 A 200M | C164: m3 | D164: 3.81 | G164: 3.81 | J164: 3.76
A165: 74205/001 | B165: ESCAVACAO MECANICA DE MATERIAL 1A. CATEGORIA, PROVENIENTE DE CORTE DE SUBLEITO (C/TRATOR ESTEIRAS 160HP) | C165: m3 | D165: 1.34 | G165: 1.34 | J165: 1.31
A166: 74209/001 | B166: PLACA DE OBRA EM CHAPA DE ACO GALVANIZADO | C166: m2 | D166: 406.5 | G166: 406.5 | J166: 401.16
A167: 74221/001 | B167: SINALIZACAO DE TRANSITO - NOTURNA | C167: m | D167: 2.69 | G167: 2.69 | J167: 2.5
... A169: 74224/001 | B169: POCO DE VISITA PARA DRENAGEM PLUVIAL, EM CONCRETO ESTRUTURAL, DIMENSOES INTERNAS DE 90X150X80CM (LARGXCOMPXALT), PARA REDE DE 600MM, EXCLUSOS TAMPAO E CHAMINE. | C169: Unid. | D169: 1453.42 | G169: 1453.42 | J169: 1388.95
A170: 74224/001M | B170: POCO DE VISITA PARA DRENAGEM PLUVIAL, EM CONCRETO ESTRUTURAL, DIMENSOES INTERNAS DE 270X450X240CM (LARGXCOMPXALT), PARA REDE DE 2000 MM, EXCLUSOS TAMPAO E CHAMINE. | C170: m | D170: 4184.17 | E170: MEU CPU | G170: 4184.17 | J170: 3999.16
A171: 74238/002 | B171: PORTAO EM TELA ARAME GALVANIZADO N.12 MALHA 2" E MOLDURA EM TUBOS DE ACO COM DUAS FOLHAS DE ABRIR, INCLUSO FERRAGENS | C171: m2 | E171: Fiz comp Riacho Fundo II Emanuela
A172: 7648/ORSE | B172: GRADE DE FERRO COM QUADRO EM VERGALHÃO DE FERRO 1/2" NA VERTICAL E BARRA DE FERRO CHATA DE 1 X 3/16" NA HORIZONTAL | C172: m2
A173: 83659M | B173: BOCA DE LOBO EM ALVENARIA TIJOLO MACICO, REVESTIDA C/ ARGAMASSA DE CIMENTO E AREIA 1:3, SOBRE LASTRO DE CONCRETO 10CM E TAMPA DE CONCRETO ARMADO INCLUSIVE GRELHA PADRAO NOVACAP | C173: Unid. | D173: 1409.03 | G173: 1409.03 | J173: 1357.42
A174: 85335M / SICRO | B174: RETIRADA DE MEIO FIO C/ EMPILHAMENTO E S/ REMOCAO (REF SINAPI NOV/2017) | C174: m | D174: 8.2 | G174: 8.2 | J174: 7.4
A175: 92216M | B175: TUBO DE CONCRETO PARA REDES COLETORAS DE ÁGUAS PLUVIAIS, DIÂMETRO DE 2000 MM, JUNTA RÍGIDA, INSTALADO EM LOCAL COM BAIXO NÍVEL DE INTERFERÊNCIAS - FORNECIMENTO E ASSENTAMENTO. AF_12/2015 | C175: m | D175: 1433.31 | E175: MEU CPU | G175: 1433.31 | J175: 1423.25
A176: 94273M | B176: ASSENTAMENTO DE GUIA (MEIO-FIO) TIPO CORDÃO, EM TRECHO RETO, CONFECCIONADA EM CONCRETO PRÉ-FABRICADO, DIMENSÕES 100X12X7X20 CM (COMPRIMENTO X BASE INFERIOR X BASE SUPERIOR X ALTURA), PARA VIAS URBANAS (USO VIÁRIO)(FORNECIMENTO E INSTALAÇÃO) | C176: m | D176: 28.89 | G176: 28.89 | J176: 27.37
A177: 94273M1 | B177: ASSENTAMENTO DE GUIA (MEIO-FIO) EM TRECHO RETO, CONFECCIONADA EM CONCRETO PRÉ-FABRICADO, DIMENSÕES 100X15X13X30 CM (COMPRIMENTO X BASE INFERIOR X BASE SUPERIOR X ALTURA), PARA VIAS URBANAS (USO VIÁRIO). AF_06/2016 (EXCETO OS MEIOS FIOS) | C177: m | D177: 16.14 | E177: MEU CPU | G177: 16.14 | J177: 14.69
A178: 96389M | B178: EXECUÇÃO E COMPACTAÇÃO DE BASE E OU SUB BASE COM SOLO MELHORADO COM CIMENTO (TEOR DE 3%) - EXCLUSIVE ESCAVAÇÃO, CARGA E TRANSPORTE E SOLO. AF_09/2017 | C178: m3 | D178: 37.88 | E178: MEU CPU | G178: 37.88 | J178: 37.49
A179: 96401M | B179: EXECUÇÃO DE IMPRIMAÇÃO COM ASFALTO DILUÍDO CM-30. AF_09/2017 (EXCLUSIVE EMULSÃO ASFÁLTICA) | C179: m² | D179: 0.49 | G179: 0.49 | J179: 0.47
A180: 96402M | B180: EXECUÇÃO DE IMPRIMAÇÃO LIGANTE (PINTURA DE LIGAÇÃO) COM EMULSÃO ASFÁLTICA RR-2C. AF_09/2017 (EXCLUSIVE EMULSÃO ASFÁLTICA | C180: m² | D180: 0.64 | G180: 0.64 | J180: 0.61
...

Sheet BDI C DES

Sheet BDI S DES

Sheet Encarg Social

Sheet SEAP C DES

Sheet SEAP S DES

Sheet CPU 41721M C Des
A4: Data Base: Janeiro 2020 | E4: Encargos Sociais: 83,40%
A5: COM DESONERAÇÃO
A6: 41721M | B6: COMPACTAÇÃO MECANICA A 95% DO PROCTOR NORMAL - PAVIMENTAÇÃO URBANA
A7: SICRO/SINAPI | B7: DESCRIÇÃO DO ITEM | C7: Unid.: m3 | D7: QUANT. | E7: CUSTO UNI | F7: CUSTO TOTAL | I7: S/D
A8: 5684 | B8: ROLO COMPACTADOR VIBRATÓRIO DE UM CILINDRO AÇO LISO, POTÊNCIA 80 HP, PESO OPERACIONAL MÁXIMO 8,1 T, IMPACTO DINÂMICO 16,15 / 9,5 T, LARGURA DE TRABALHO 1,68 M - CHP DIURNO. AF_06/2014 | C8: CHP | D8: 0,0043478 | E8: 89.52 | F8: =D8*E8 -> 0.38921506 | I8: 91.26
A9: 5901 | B9: CAMINHÃO PIPA 10.000 L TRUCADO, PESO BRUTO TOTAL 23.000 KG, CARGA ÚTIL MÁXIMA 15.935 KG, DISTÂNCIA ENTRE EIXOS 4,8 M, POTÊNCIA 230 CV, INCLUSIVE TANQUE DE AÇO PARA TRANSPORTE DE ÁGUA - CHP DIURNO. AF_06/2014 | C9: CHP | D9: 0,0096522 | E9: 179.94 | F9: =D9*E9 -> 1.7368169 | I9: 181.81
A10: 5903 | B10: CAMINHÃO PIPA 10.000 L TRUCADO, PESO BRUTO TOTAL 23.000 KG, CARGA ÚTIL MÁXIMA 15.935 KG, DISTÂNCIA ENTRE EIXOS 4,8 M, POTÊNCIA 230 CV, INCLUSIVE TANQUE DE AÇO PARA TRANSPORTE DE ÁGUA - CHI DIURNO. AF_06/2014 | C10: CHI | D10: 0,0033913 | E10: 32.63 | F10: =D10*E10 -> 0.11065812 | I10: 34.5
A11: 5932 | B11: MOTONIVELADORA POTÊNCIA BÁSICA LÍQUIDA (PRIMEIRA MARCHA) 125 HP, PESO BRUTO 13032 KG, LARGURA DA LÂMINA DE 3,7 M - CHP DIURNO. AF_06/2014 | C11: CHP | D11: 0,0015652 | E11: 136.19 | F11: =D11*E11 -> 0.21316459 | I11: 138.78
A12: 5934 | B12: MOTONIVELADORA POTÊNCIA BÁSICA LÍQUIDA (PRIMEIRA MARCHA) 125 HP, PESO BRUTO 13032 KG, LARGURA DA LÂMINA DE 3,7 M - CHI DIURNO. AF_06/2014 | C12: CHI | D12: 0,0027826 | E12: 47.02 | F12: =D12*E12 -> 0.13083785 | I12: 49.61
A13: 88316 | B13: SERVENTE COM ENCARGOS COMPLEMENTARES | C13: H | D13: 0,0130435 | E13: 15.08 | F13: =D13*E13 -> 0.19669598 | I13: 16.58
A14: 96020 | B14: TRATOR DE PNEUS COM POTÊNCIA DE 122 CV, TRAÇÃO 4X4, COM GRADE DE DISCOS ACOPLADA - CHP DIURNO. AF_02/2017 | C14: CHP | D14: 0,0021739 | E14: 152.74 | F14: =D14*E14 -> 0.33204149 | I14: 154.48
A15: 96021 | B15: TRATOR DE PNEUS COM POTÊNCIA DE 122 CV, TRAÇÃO 4X4, COM GRADE DE DISCOS ACOPLADA - CHI DIURNO. AF_02/2017 | C15: CHI | D15: 0,0021739 | E15: 29.1 | F15: =D15*E15 -> 0.06326049 | I15: 30.84
A16: TOTAL | F16: =SUM(F8:F15) -> 3.1726904
A18: Obs.: DATA REFERENCIA TECNICA: 01/19 Com Desoneração
H23: Composição Retirada do SINAPI Julho / 19

Sheet CPU 41721M S Des
A4: Data Base: Janeiro 2020 | E4: Encargos Sociais: 112,85%
A5: SEM DESONERAÇÃO
A6: 41721M | B6: COMPACTAÇÃO MECANICA A 95% DO PROCTOR NORMAL - PAVIMENTAÇÃO URBANA
A7: SICRO/SINAPI | B7: DESCRIÇÃO DO ITEM | C7: Unid.: m3 | D7: QUANT. | E7: CUSTO UNI | F7: CUSTO TOTAL | I7: S/D
A8: 5684 | B8: ROLO COMPACTADOR VIBRATÓRIO DE UM CILINDRO AÇO LISO, POTÊNCIA 80 HP, PESO OPERACIONAL MÁXIMO 8,1 T, IMPACTO DINÂMICO 16,15 / 9,5 T, LARGURA DE TRABALHO 1,68 M - CHP DIURNO. AF_06/2014 | C8: CHP | D8: 0,0043478 | E8: 91.26 | F8: =D8*E8 -> 0.39678023
A9: 5901 | B9: CAMINHÃO PIPA 10.000 L TRUCADO, PESO BRUTO TOTAL 23.000 KG, CARGA ÚTIL MÁXIMA 15.935 KG, DISTÂNCIA ENTRE EIXOS 4,8 M, POTÊNCIA 230 CV, INCLUSIVE TANQUE DE AÇO PARA TRANSPORTE DE ÁGUA - CHP DIURNO. AF_06/2014 | C9: CHP | D9: 0,0096522 | E9: 181.81 | F9: =D9*E9 -> 1.7548665
A10: 5903 | B10: CAMINHÃO PIPA 10.000 L TRUCADO, PESO BRUTO TOTAL 23.000 KG, CARGA ÚTIL MÁXIMA 15.935 KG, DISTÂNCIA ENTRE EIXOS 4,8 M, POTÊNCIA 230 CV, INCLUSIVE TANQUE DE AÇO PARA TRANSPORTE DE ÁGUA - CHI DIURNO. AF_06/2014 | C10: CHI | D10: 0,0033913 | E10: 34.5 | F10: =D10*E10 -> 0.11699985
A11: 5932 | B11: MOTONIVELADORA POTÊNCIA BÁSICA LÍQUIDA (PRIMEIRA MARCHA) 125 HP, PESO BRUTO 13032 KG, LARGURA DA LÂMINA DE 3,7 M - CHP DIURNO. AF_06/2014 | C11: CHP | D11: 0,0015652 | E11: 138.78 | F11: =D11*E11 -> 0.21721846
A12: 5934 | B12: MOTONIVELADORA POTÊNCIA BÁSICA LÍQUIDA (PRIMEIRA MARCHA) 125 HP, PESO BRUTO 13032 KG, LARGURA DA LÂMINA DE 3,7 M - CHI DIURNO. AF_06/2014 | C12: CHI | D12: 0,0027826 | E12: 49.61 | F12: =D12*E12 -> 0.13804479
A13: 88316 | B13: SERVENTE COM ENCARGOS COMPLEMENTARES | C13: H | D13: 0,0130435 | E13: 16.58 | F13: =D13*E13 -> 0.21626123
A14: 96020 | B14: TRATOR DE PNEUS COM POTÊNCIA DE 122 CV, TRAÇÃO 4X4, COM GRADE DE DISCOS ACOPLADA - CHP DIURNO. AF_02/2017 | C14: CHP | D14: 0,0021739 | E14: 154.48 | F14: =D14*E14 -> 0.33582407
A15: 96021 | B15: TRATOR DE PNEUS COM POTÊNCIA DE 122 CV, TRAÇÃO 4X4, COM GRADE DE DISCOS ACOPLADA - CHI DIURNO. AF_02/2017 | C15: CHI | D15: 0,0021739 | E15: 30.84 | F15: =D15*E15 -> 0.067043076
A16: TOTAL | F16: =SUM(F8:F15) -> 3.2430382
A18: Obs.: DATA REFERENCIA TECNICA: 01/19 Sem Desoneração
H23: Composição Retirada do SINAPI Julho / 19

Sheet CPU 41722M C Des
A4: Data Base: Janeiro 2020 | E4: Encargos Sociais: 83,40%
A5: COM DESONERAÇÃO
A6: 41721M | B6: COMPACTAÇÃO MECANICA A 100% DO PROCTOR NORMAL - PAVIMENTAÇÃO URBANA
A7: SICRO/SINAPI | B7: DESCRIÇÃO DO ITEM | C7: Unid.: m3 | D7: QUANT. | E7: CUSTO UNI | F7: CUSTO TOTAL | I7: S/D
A8: 5684 | B8: ROLO COMPACTADOR VIBRATÓRIO DE UM CILINDRO AÇO LISO, POTÊNCIA 80 HP, PESO OPERACIONAL MÁXIMO 8,1 T, IMPACTO DINÂMICO 16,15 / 9,5 T, LARGURA DE TRABALHO 1,68 M - CHP DIURNO. AF_06/2014 | C8: CHP | D8: 0,0086957 | E8: 89.52 | F8: =D8*E8 -> 0.77843906
A9: 5901 | B9: CAMINHÃO PIPA 10.000 L TRUCADO, PESO BRUTO TOTAL 23.000 KG, CARGA ÚTIL MÁXIMA 15.935 KG, DISTÂNCIA ENTRE EIXOS 4,8 M, POTÊNCIA 230 CV, INCLUSIVE TANQUE DE AÇO PARA TRANSPORTE DE ÁGUA - CHP DIURNO. AF_06/2014 | C9: CHP | D9: 0,0095652 | E9: 179.94 | F9: =D9*E9 -> 1.7211621
A10: 5903 | B10: CAMINHÃO PIPA 10.000 L TRUCADO, PESO BRUTO TOTAL 23.000 KG, CARGA ÚTIL MÁXIMA 15.935 KG, DISTÂNCIA ENTRE EIXOS 4,8 M, POTÊNCIA 230 CV, INCLUSIVE TANQUE DE AÇO PARA TRANSPORTE DE ÁGUA - CHI DIURNO. AF_06/2014 | C10: CHI | D10: 0,0078261 | E10: 32.63 | F10: =D10*E10 -> 0.25536564
A11: 5932 | B11: MOTONIVELADORA POTÊNCIA BÁSICA LÍQUIDA (PRIMEIRA MARCHA) 125 HP, PESO BRUTO 13032 KG, LARGURA DA LÂMINA DE 3,7 M - CHP DIURNO. AF_06/2014 | C11: CHP | D11: 0,0029565 | E11: 136.19 | F11: =D11*E11 -> 0.40264574
A12: 5934 | B12: MOTONIVELADORA POTÊNCIA BÁSICA LÍQUIDA (PRIMEIRA MARCHA) 125 HP, PESO BRUTO 13032 KG, LARGURA DA LÂMINA DE 3,7 M - CHI DIURNO. AF_06/2014 | C12: CHI | D12: 0,0057391 | E12: 47.02 | F12: =D12*E12 -> 0.26985248
A13: 88316 | B13: SERVENTE COM ENCARGOS COMPLEMENTARES | C13: H | D13: 0,0260870 | E13: 15.08 | F13: =D13*E13 -> 0.39339196
A14: 96020 | B14: TRATOR DE PNEUS COM POTÊNCIA DE 122 CV, TRAÇÃO 4X4, COM GRADE DE DISCOS ACOPLADA - CHP DIURNO. AF_02/2017 | C14: CHP | D14: 0,0033043 | E14: 152.74 | F14: =D14*E14 -> 0.50469878
A15: 96021 | B15: TRATOR DE PNEUS COM POTÊNCIA DE 122 CV, TRAÇÃO 4X4, COM GRADE DE DISCOS ACOPLADA - CHI DIURNO. AF_02/2017 | C15: CHI | D15: 0,0053913 | E15: 29.1 | F15: =D15*E15 -> 0.15688683
A16: TOTAL | F16: =SUM(F8:F15) -> 4.4824426
A18: Obs.: DATA REFERENCIA TECNICA: 01/19 Com Desoneração
H24: Composição Retirada do SINAPI Julho / 19

Sheet CPU 41722M S Des
A4: Data Base: Janeiro 2020 | E4: Encargos Sociais: 112,85%
A5: COM DESONERAÇÃO
A6: 41721M | B6: COMPACTAÇÃO MECANICA A 100% DO PROCTOR NORMAL - PAVIMENTAÇÃO URBANA
A7: SICRO/SINAPI | B7: DESCRIÇÃO DO ITEM | C7: Unid.: m3 | D7: QUANT. | E7: CUSTO UNI | F7: CUSTO TOTAL | I7: S/D
A8: 5684 | B8: ROLO COMPACTADOR VIBRATÓRIO DE UM CILINDRO AÇO LISO, POTÊNCIA 80 HP, PESO OPERACIONAL MÁXIMO 8,1 T, IMPACTO DINÂMICO 16,15 / 9,5 T, LARGURA DE TRABALHO 1,68 M - CHP DIURNO. AF_06/2014 | C8: CHP | D8: 0,0086957 | E8: 91.26 | F8: =D8*E8 -> 0.79356958
A9: 5901 | B9: CAMINHÃO PIPA 10.000 L TRUCADO, PESO BRUTO TOTAL 23.000 KG, CARGA ÚTIL MÁXIMA 15.935 KG, DISTÂNCIA ENTRE EIXOS 4,8 M, POTÊNCIA 230 CV, INCLUSIVE TANQUE DE AÇO PARA TRANSPORTE DE ÁGUA - CHP DIURNO. AF_06/2014 | C9: CHP | D9: 0,0095652 | E9: 181.81 | F9: =D9*E9 -> 1.739049
A10: 5903 | B10: CAMINHÃO PIPA 10.000 L TRUCADO, PESO BRUTO TOTAL 23.000 KG, CARGA ÚTIL MÁXIMA 15.935 KG, DISTÂNCIA ENTRE EIXOS 4,8 M, POTÊNCIA 230 CV, INCLUSIVE TANQUE DE AÇO PARA TRANSPORTE DE ÁGUA - CHI DIURNO. AF_06/2014 | C10: CHI | D10: 0,0078261 | E10: 34.5 | F10: =D10*E10 -> 0.27000045
A11: 5932 | B11: MOTONIVELADORA POTÊNCIA BÁSICA LÍQUIDA (PRIMEIRA MARCHA) 125 HP, PESO BRUTO 13032 KG, LARGURA DA LÂMINA DE 3,7 M - CHP DIURNO. AF_06/2014 | C11: CHP | D11: 0,0029565 | E11: 138.78 | F11: =D11*E11 -> 0.41030307
A12: 5934 | B12: MOTONIVELADORA POTÊNCIA BÁSICA LÍQUIDA (PRIMEIRA MARCHA) 125 HP, PESO BRUTO 13032 KG, LARGURA DA LÂMINA DE 3,7 M - CHI DIURNO. AF_06/2014 | C12: CHI | D12: 0,0057391 | E12: 49.61 | F12: =D12*E12 -> 0.28471675
A13: 88316 | B13: SERVENTE COM ENCARGOS COMPLEMENTARES | C13: H | D13: 0,0260870 | E13: 16.58 | F13: =D13*E13 -> 0.43252246
A14: 96020 | B14: TRATOR DE PNEUS COM POTÊNCIA DE 122 CV, TRAÇÃO 4X4, COM GRADE DE DISCOS ACOPLADA - CHP DIURNO. AF_02/2017 | C14: CHP | D14: 0,0033043 | E14: 154.48 | F14: =D14*E14 -> 0.51044826
A15: 96021 | B15: TRATOR DE PNEUS COM POTÊNCIA DE 122 CV, TRAÇÃO 4X4, COM GRADE DE DISCOS ACOPLADA - CHI DIURNO. AF_02/2017 | C15: CHI | D15: 0,0053913 | E15: 30.84 | F15: =D15*E15 -> 0.16626769
A16: TOTAL | F16: =SUM(F8:F15) -> 4.6068773
A18: Obs.: DATA REFERENCIA TECNICA: 01/19 Sem Desoneração
H24: Composição Retirada do SINAPI Julho / 19

Sheet ENSAIOS C DES oK
B1: ABRANGENCIA: NACIONAL DATA REFERENCIA TECNICA:13/02/19 Com Desoneração | E1: Data Base: JAN 2020
A2: 74021/3 | B2: ENSAIOS DE REGULARIZACAO DO SUBLEITO | C2: M2 | D2: =SUM(F3:F9) -> 1.2024 | E2: Unit. | F2: Total
A3: 74022/6 | B3: ENSAIO DE GRANULOMETRIA POR PENEIRAMENTO - SOLOS | C3: UN | D3: 0.0013 | E3: =D21 -> 171.008 | F3: =E3*D3 -> 0.2223104
A4: 74022/8 | B4: ENSAIO DE LIMITE DE LIQUIDEZ - SOLOS | C4: UN | D4: 0.0013 | E4: =D24 -> 106.88 | F4: =E4*D4 -> 0.138944
A5: 74022/9 | B5: ENSAIO DE LIMITE DE PLASTICIDADE - SOLOS | C5: UN | D5: 0.0013 | E5: =D27 -> 96.192 | F5: =E5*D5 -> 0.1250496
A6: 74022/10 | B6: ENSAIO DE COMPACTACAO - AMOSTRAS NAO TRABALHADAS - ENERGIA NORMAL - SOLOS | C6: UN | D6: 0.0013 | E6: =D30 -> 203.072 | F6: =E6*D6 -> 0.2639936 | H6: Tabela SINAPI Janeiro 2019
A7: 74022/15 | B7: ENSAIO DE MASSA ESPECIFICA - IN SITU - METODO BALAO DE BORRACHA - SOLOS | C7: UN | D7: 0.0008 | E7: =D33 -> 85.504 | F7: =E7*D7 -> 0.0684032
A8: 74022/19 | B8: ENSAIO DE INDICE DE SUPORTE CALIFORNIA - AMOSTRAS NAO TRABALHADAS - ENERGIA NORMAL - SOLOS | C8: UN | D8: 0.0013 | E8: =D36 -> 245.824 | F8: =E8*D8 -> 0.3195712
A9: 74022/23 | B9: ENSAIO DE TEOR DE UMIDADE - PROCESSO SPEEDY - SOLOS E AGREGADOS MIUDOS | C9: UN | D9: 0.001 | E9: =D39 -> 64.128 | F9: =E9*D9 -> 0.064128
A11: 74021/6 | B11: ENSAIOS DE BASE ESTABILIZADA GRANULOMETRICAMENTE | C11: M3 | D11: =SUM(F12:F19) -> 2.3107456 | E11: Unit. | F11: Total
A12: 74022/6 | B12: ENSAIO DE GRANULOMETRIA POR PENEIRAMENTO - SOLOS | C12: UN | D12: 0.0017 | E12: =D21 -> 171.008 | F12: =E12*D12 -> 0.2907136
A13: 74022/8 | B13: ENSAIO DE LIMITE DE LIQUIDEZ - SOLOS | C13: UN | D13: 0.0017 | E13: =D24 -> 106.88 | F13: =E13*D13 -> 0.181696
A14: 74022/9 | B14: ENSAIO DE LIMITE DE PLASTICIDADE - SOLOS | C14: UN | D14: 0.0017 | E14: =D27 -> 96.192 | F14: =E14*D14 -> 0.1635264
A15: 74022/10 | B15: ENSAIO DE COMPACTACAO - AMOSTRAS NAO TRABALHADAS - ENERGIA NORMAL - SOLOS | C15: UN | D15: 0.0017 | E15: =D30 -> 203.072 | F15: =E15*D15 -> 0.3452224 | H15: Tabela SINAPI Janeiro 2019
A16: 74022/15 | B16: ENSAIO DE MASSA ESPECIFICA - IN SITU - METODO BALAO DE BORRACHA - SOLOS | C16: UN | D16: 0.005 | E16: =D33 -> 85.504 | F16: =E16*D16 -> 0.42752
A17: 74022/19 | B17: ENSAIO DE INDICE DE SUPORTE CALIFORNIA - AMOSTRAS NAO TRABALHADAS - ENERGIA NORMAL - SOLOS | C17: UN | D17: 0.0017 | E17: =D36 -> 245.824 | F17: =E17*D17 -> 0.4179008
A18: 74022/23 | B18: ENSAIO DE TEOR DE UMIDADE - PROCESSO SPEEDY - SOLOS E AGREGADOS MIUDOS | C18: UN | D18: 0.005 | E18: =D39 -> 64.128 | F18: =E18*D18 -> 0.32064
A19: 74022/42 | B19: ENSAIO DE EQUIVALENTE EM AREIA - SOLOS | C19: UN | D19: 0.0017 | E19: =D42 -> 96.192 | F19: =E19*D19 -> 0.1635264
A21: 74022/6 | B21: ENSAIO DE GRANULOMETRIA POR PENEIRAMENTO - SOLOS | C21: UN | D21: =SUM(F22:F23) -> 171.008 | E21: Unit. | F21: Total
A22: 88249 | B22: AUXILIAR DE LABORATÓRIO COM ENCARGOS COMPLEMENTARES | C22: H | D22: 3.2 | E22: 31.63 | F22: =D22*E22 -> 101.216 | H22: Tabela SINAPI Janeiro 2019
A23: 88321 | B23: TÉCNICO DE LABORATÓRIO COM ENCARGOS COMPLEMENTARES | C23: H | D23: 1.6 | E23: 43.62 | F23: =D23*E23 -> 69.792
A24: 74022/8 | B24: ENSAIO DE LIMITE DE LIQUIDEZ - SOLOS | C24: UN | D24: =SUM(F25:F26) -> 106.88
A25: 88249 | B25: AUXILIAR DE LABORATÓRIO COM ENCARGOS COMPLEMENTARES | C25: H | D25: 2 | E25: 31.63 | F25: =D25*E25 -> 63.26
A26: 88321 | B26: TÉCNICO DE LABORATÓRIO COM ENCARGOS COMPLEMENTARES | C26: H | D26: 1 | E26: 43.62 | F26: =D26*E26 -> 43.62 | H26: Tabela SINAPI Janeiro 2019
A27: 74022/9 | B27: ENSAIO DE LIMITE DE PLASTICIDADE - SOLOS | C27: UN | D27: =SUM(F28:F29) -> 96.192
A28: 88249 | B28: AUXILIAR DE LABORATÓRIO COM ENCARGOS COMPLEMENTARES | C28: H | D28: 1.8 | E28: 31.63 | F28: =D28*E28 -> 56.934
A29: 88321 | B29: TÉCNICO DE LABORATÓRIO COM ENCARGOS COMPLEMENTARES | C29: H | D29: 0.9 | E29: 43.62 | F29: =D29*E29 -> 39.258 | H29: Tabela SINAPI Janeiro 2019
A30: 74022/10 | B30: ENSAIO DE COMPACTACAO - AMOSTRAS NAO TRABALHADAS - ENERGIA NORMAL - SOLOS | C30: UN | D30: =SUM(F31:F32) -> 203.072
A31: 88249 | B31: AUXILIAR DE LABORATÓRIO COM ENCARGOS COMPLEMENTARES | C31: H | D31: 3.8 | E31: 31.63 | F31: =D31*E31 -> 120.194
A32: 88321 | B32: TÉCNICO DE LABORATÓRIO COM ENCARGOS COMPLEMENTARES | C32: H | D32: 1.9 | E32: 43.62 | F32: =D32*E32 -> 82.878
A33: 74022/15 | B33: ENSAIO DE MASSA ESPECIFICA - IN SITU - METODO BALAO DE BORRACHA - SOLOS | C33: UN | D33: =SUM(F34:F35) -> 85.504
A34: 88249 | B34: AUXILIAR DE LABORATÓRIO COM ENCARGOS COMPLEMENTARES | C34: H | D34: 1.6 | E34: 31.63 | F34: =D34*E34 -> 50.608
A35: 88321 | B35: TÉCNICO DE LABORATÓRIO COM ENCARGOS COMPLEMENTARES | C35: H | D35: 0.8 | E35: 43.62 | F35: =D35*E35 -> 34.896
A36: 74022/19 | B36: ENSAIO DE INDICE DE SUPORTE CALIFORNIA - AMOSTRAS NAO TRABALHADAS - ENERGIA NORMAL - SOLOS | C36: UN | D36: =SUM(F37:F38) -> 245.824
A37: 88249 | B37: AUXILIAR DE LABORATÓRIO COM ENCARGOS COMPLEMENTARES | C37: H | D37: 4.6 | E37: 31.63 | F37: =D37*E37 -> 145.498
A38: 88321 | B38: TÉCNICO DE LABORATÓRIO COM ENCARGOS COMPLEMENTARES | C38: H | D38: 2.3 | E38: 43.62 | F38: =D38*E38 -> 100.326
A39: 74022/23 | B39: ENSAIO DE TEOR DE UMIDADE - PROCESSO SPEEDY - SOLOS E AGREGADOS MIUDOS | C39: UN | D39: =SUM(F40:F41) -> 64.128
A40: 88249 | B40: AUXILIAR DE LABORATÓRIO COM ENCARGOS COMPLEMENTARES | C40: H | D40: 1.2 | E40: 31.63 | F40: =D40*E40 -> 37.956
A41: 88321 | B41: TÉCNICO DE LABORATÓRIO COM ENCARGOS COMPLEMENTARES | C41: H | D41: 0.6 | E41: 43.62 | F41: =D41*E41 -> 26.172
A42: 74022/42 | B42: ENSAIO DE EQUIVALENTE EM AREIA - SOLOS | C42: UN | D42: =SUM(F43:F44) -> 96.192
A43: 88249 | B43: AUXILIAR DE LABORATÓRIO COM ENCARGOS COMPLEMENTARES | C43: H | D43: 1.8 | E43: 31.63 | F43: =D43*E43 -> 56.934
A44: 88321 | B44: TÉCNICO DE LABORATÓRIO COM ENCARGOS COMPLEMENTARES | C44: H | D44: 0.9 | E44: 43.62 | F44: =D44*E44 -> 39.258
A47: 88249 | B47: AUXILIAR DE LABORATÓRIO COM ENCARGOS COMPLEMENTARES | C47: H | D47: 1 | E47: 31.63 | H47: Tabela SINAPI Janeiro 2019
A48: 88321 | B48: TÉCNICO DE LABORATÓRIO COM ENCARGOS COMPLEMENTARES | C48: H | D48: 1 | E48: 43.62
A50: 74022/30 | B50: ENSAIO DE RESISTENCIA A COMPRESSAO SIMPLES - CONCRETO | C50: UN | D50: =SUM(F51:F52) -> 192.384 | E50: Unit. | F50: Total
A51: 88249 | B51: AUXILIAR DE LABORATÓRIO COM ENCARGOS COMPLEMENTARES | C51: H | D51: 3.6 | E51: 31.63 | F51: =D51*E51 -> 113.868
A52: 88321 | B52: TÉCNICO DE LABORATÓRIO COM ENCARGOS COMPLEMENTARES | C52: H | D52: 1.8 | E52: 43.62 | F52: =D52*E52 -> 78.516
A54: 74022/58 | B54: ENSAIO DE ABATIMENTO DO TRONCO DE CONE | C54: UN | D54: =SUM(F55:F56) -> 75.25 | E54: Unit. | F54: Total | H54: Tabela SINAPI Janeiro 2019
A55: 88249 | B55: AUXILIAR DE LABORATÓRIO COM ENCARGOS COMPLEMENTARES | C55: H | D55: 1 | E55: 31.63 | F55: =E55*D55 -> 31.63
A56: 88321 | B56: TÉCNICO DE LABORATÓRIO COM ENCARGOS COMPLEMENTARES | C56: H | D56: 1 | E56: 43.62 | F56: =E56*D56 -> 43.62
A61: NBR 12655

Sheet ENSAIOS S DES oK
B1: ABRANGENCIA: NACIONAL DATA REFERENCIA TECNICA:13/02/19 Sem Desoneração | E1: Data Base: JAN 2020
A2: 74021/3 | B2: ENSAIOS DE REGULARIZACAO DO SUBLEITO | C2: M2 | D2: =SUM(F3:F9) -> 1.3752 | E2: Unit. | F2: Total
A3: 74022/6 | B3: ENSAIO DE GRANULOMETRIA POR PENEIRAMENTO - SOLOS | C3: UN | D3: 0.0013 | E3: =D21 -> 195.584 | F3: =E3*D3 -> 0.2542592
A4: 74022/8 | B4: ENSAIO DE LIMITE DE LIQUIDEZ - SOLOS | C4: UN | D4: 0.0013 | E4: =D24 -> 122.24 | F4: =E4*D4 -> 0.158912
A5: 74022/9 | B5: ENSAIO DE LIMITE DE PLASTICIDADE - SOLOS | C5: UN | D5: 0.0013 | E5: =D27 -> 110.016 | F5: =E5*D5 -> 0.1430208
A6: 74022/10 | B6: ENSAIO DE COMPACTACAO - AMOSTRAS NAO TRABALHADAS - ENERGIA NORMAL - SOLOS | C6: UN | D6: 0.0013 | E6: =D30 -> 232.256 | F6: =E6*D6 -> 0.3019328 | H6: Tabela SINAPI Janeiro 2019
A7: 74022/15 | B7: ENSAIO DE MASSA ESPECIFICA - IN SITU - METODO BALAO DE BORRACHA - SOLOS | C7: UN | D7: 0.0008 | E7: =D33 -> 97.792 | F7: =E7*D7 -> 0.0782336
A8: 74022/19 | B8: ENSAIO DE INDICE DE SUPORTE CALIFORNIA - AMOSTRAS NAO TRABALHADAS - ENERGIA NORMAL - SOLOS | C8: UN | D8: 0.0013 | E8: =D36 -> 281.152 | F8: =E8*D8 -> 0.3654976
A9: 74022/23 | B9: ENSAIO DE TEOR DE UMIDADE - PROCESSO SPEEDY - SOLOS E AGREGADOS MIUDOS | C9: UN | D9: 0.001 | E9: =D39 -> 73.344 | F9: =E9*D9 -> 0.073344
A11: 74021/6 | B11: ENSAIOS DE BASE ESTABILIZADA GRANULOMETRICAMENTE | C11: M3 | D11: =SUM(F12:F19) -> 2.6428288 | E11: Unit. | F11: Total
A12: 74022/6 | B12: ENSAIO DE GRANULOMETRIA POR PENEIRAMENTO - SOLOS | C12: UN | D12: 0.0017 | E12: =D21 -> 195.584 | F12: =E12*D12 -> 0.3324928
A13: 74022/8 | B13: ENSAIO DE LIMITE DE LIQUIDEZ - SOLOS | C13: UN | D13: 0.0017 | E13: =D24 -> 122.24 | F13: =E13*D13 -> 0.207808
A14: 74022/9 | B14: ENSAIO DE LIMITE DE PLASTICIDADE - SOLOS | C14: UN | D14: 0.0017 | E14: =D27 -> 110.016 | F14: =E14*D14 -> 0.1870272
A15: 74022/10 | B15: ENSAIO DE COMPACTACAO - AMOSTRAS NAO TRABALHADAS - ENERGIA NORMAL - SOLOS | C15: UN | D15: 0.0017 | E15: =D30 -> 232.256 | F15: =E15*D15 -> 0.3948352 | H15: Tabela SINAPI Janeiro 2019
A16: 74022/15 | B16: ENSAIO DE MASSA ESPECIFICA - IN SITU - METODO BALAO DE BORRACHA - SOLOS | C16: UN | D16: 0.005 | E16: =D33 -> 97.792 | F16: =E16*D16 -> 0.48896
A17: 74022/19 | B17: ENSAIO DE INDICE DE SUPORTE CALIFORNIA - AMOSTRAS NAO TRABALHADAS - ENERGIA NORMAL - SOLOS | C17: UN | D17: 0.0017 | E17: =D36 -> 281.152 | F17: =E17*D17 -> 0.4779584
A18: 74022/23 | B18: ENSAIO DE TEOR DE UMIDADE - PROCESSO SPEEDY - SOLOS E AGREGADOS MIUDOS | C18: UN | D18: 0.005 | E18: =D39 -> 73.344 | F18: =E18*D18 -> 0.36672
A19: 74022/42 | B19: ENSAIO DE EQUIVALENTE EM AREIA - SOLOS | C19: UN | D19: 0.0017 | E19: =D42 -> 110.016 | F19: =E19*D19 -> 0.1870272
A21: 74022/6 | B21: ENSAIO DE GRANULOMETRIA POR PENEIRAMENTO - SOLOS | C21: UN | D21: =SUM(F22:F23) -> 195.584 | E21: Unit. | F21: Total
A22: 88249 | B22: AUXILIAR DE LABORATÓRIO COM ENCARGOS COMPLEMENTARES | C22: H | D22: 3.2 | E22: 35.9 | F22: =D22*E22 -> 114.88 | H22: Tabela SINAPI Janeiro 2019
A23: 88321 | B23: TÉCNICO DE LABORATÓRIO COM ENCARGOS COMPLEMENTARES | C23: H | D23: 1.6 | E23: 50.44 | F23: =D23*E23 -> 80.704
A24: 74022/8 | B24: ENSAIO DE LIMITE DE LIQUIDEZ - SOLOS | C24: UN | D24: =SUM(F25:F26) -> 122.24
A25: 88249 | B25: AUXILIAR DE LABORATÓRIO COM ENCARGOS COMPLEMENTARES | C25: H | D25: 2 | E25: 35.9 | F25: =D25*E25 -> 71.8
A26: 88321 | B26: TÉCNICO DE LABORATÓRIO COM ENCARGOS COMPLEMENTARES | C26: H | D26: 1 | E26: 50.44 | F26: =D26*E26 -> 50.44 | H26: Tabela SINAPI Janeiro 2019
A27: 74022/9 | B27: ENSAIO DE LIMITE DE PLASTICIDADE - SOLOS | C27: UN | D27: =SUM(F28:F29) -> 110.016
A28: 88249 | B28: AUXILIAR DE LABORATÓRIO COM ENCARGOS COMPLEMENTARES | C28: H | D28: 1.8 | E28: 35.9 | F28: =D28*E28 -> 64.62
A29: 88321 | B29: TÉCNICO DE LABORATÓRIO COM ENCARGOS COMPLEMENTARES | C29: H | D29: 0.9 | E29: 50.44 | F29: =D29*E29 -> 45.396 | H29: Tabela SINAPI Janeiro 2019
A30: 74022/10 | B30: ENSAIO DE COMPACTACAO - AMOSTRAS NAO TRABALHADAS - ENERGIA NORMAL - SOLOS | C30: UN | D30: =SUM(F31:F32) -> 232.256
A31: 88249 | B31: AUXILIAR DE LABORATÓRIO COM ENCARGOS COMPLEMENTARES | C31: H | D31: 3.8 | E31: 35.9 | F31: =D31*E31 -> 136.42
A32: 88321 | B32: TÉCNICO DE LABORATÓRIO COM ENCARGOS COMPLEMENTARES | C32: H | D32: 1.9 | E32: 50.44 | F32: =D32*E32 -> 95.836
A33: 74022/15 | B33: ENSAIO DE MASSA ESPECIFICA - IN SITU - METODO BALAO DE BORRACHA - SOLOS | C33: UN | D33: =SUM(F34:F35) -> 97.792
A34: 88249 | B34: AUXILIAR DE LABORATÓRIO COM ENCARGOS COMPLEMENTARES | C34: H | D34: 1.6 | E34: 35.9 | F34: =D34*E34 -> 57.44
A35: 88321 | B35: TÉCNICO DE LABORATÓRIO COM ENCARGOS COMPLEMENTARES | C35: H | D35: 0.8 | E35: 50.44 | F35: =D35*E35 -> 40.352
A36: 74022/19 | B36: ENSAIO DE INDICE DE SUPORTE CALIFORNIA - AMOSTRAS NAO TRABALHADAS - ENERGIA NORMAL - SOLOS | C36: UN | D36: =SUM(F37:F38) -> 281.152
A37: 88249 | B37: AUXILIAR DE LABORATÓRIO COM ENCARGOS COMPLEMENTARES | C37: H | D37: 4.6 | E37: 35.9 | F37: =D37*E37 -> 165.14
A38: 88321 | B38: TÉCNICO DE LABORATÓRIO COM ENCARGOS COMPLEMENTARES | C38: H | D38: 2.3 | E38: 50.44 | F38: =D38*E38 -> 116.012
A39: 74022/23 | B39: ENSAIO DE TEOR DE UMIDADE - PROCESSO SPEEDY - SOLOS E AGREGADOS MIUDOS | C39: UN | D39: =SUM(F40:F41) -> 73.344
A40: 88249 | B40: AUXILIAR DE LABORATÓRIO COM ENCARGOS COMPLEMENTARES | C40: H | D40: 1.2 | E40: 35.9 | F40: =D40*E40 -> 43.08
A41: 88321 | B41: TÉCNICO DE LABORATÓRIO COM ENCARGOS COMPLEMENTARES | C41: H | D41: 0.6 | E41: 50.44 | F41: =D41*E41 -> 30.264
A42: 74022/42 | B42: ENSAIO DE EQUIVALENTE EM AREIA - SOLOS | C42: UN | D42: =SUM(F43:F44) -> 110.016
A43: 88249 | B43: AUXILIAR DE LABORATÓRIO COM ENCARGOS COMPLEMENTARES | C43: H | D43: 1.8 | E43: 35.9 | F43: =D43*E43 -> 64.62
A44: 88321 | B44: TÉCNICO DE LABORATÓRIO COM ENCARGOS COMPLEMENTARES | C44: H | D44: 0.9 | E44: 50.44 | F44: =D44*E44 -> 45.396
A47: 88249 | B47: AUXILIAR DE LABORATÓRIO COM ENCARGOS COMPLEMENTARES | C47: H | D47: 1 | E47: 35.9 | H47: Tabela SINAPI Janeiro 2019
A48: 88321 | B48: TÉCNICO DE LABORATÓRIO COM ENCARGOS COMPLEMENTARES | C48: H | D48: 1 | E48: 50.44
A50: 74022/30 | B50: ENSAIO DE RESISTENCIA A COMPRESSAO SIMPLES - CONCRETO | C50: UN | D50: =SUM(F51:F52) -> 220.032 | E50: Unit. | F50: Total
A51: 88249 | B51: AUXILIAR DE LABORATÓRIO COM ENCARGOS COMPLEMENTARES | C51: H | D51: 3.6 | E51: 35.9 | F51: =E51*D51 -> 129.24
A52: 88321 | B52: TÉCNICO DE LABORATÓRIO COM ENCARGOS COMPLEMENTARES | C52: H | D52: 1.8 | E52: 50.44 | F52: =E52*D52 -> 90.792
A54: 74022/58 | B54: ENSAIO DE ABATIMENTO DO TRONCO DE CONE | C54: UN | D54: =SUM(F55:F56) -> 86.34 | E54: Unit. | F54: Total | H54: Tabela SINAPI Janeiro 2019
A55: 88249 | B55: AUXILIAR DE LABORATÓRIO COM ENCARGOS COMPLEMENTARES | C55: H | D55: 1 | E55: 35.9 | F55: =E55*D55 -> 35.9
A56: 88321 | B56: TÉCNICO DE LABORATÓRIO COM ENCARGOS COMPLEMENTARES | C56: H | D56: 1 | E56: 50.44 | F56: =E56*D56 -> 50.44
A62: NBR 12655

Sheet CPU  C DES CAVAL
A3: COMPOSIÇÕES DE PREÇOS COM DESONERAÇÃO
A6: 5914640 | B6: Transporte com cavalo mecânico de 30 t - rodovia pavimentada (DMT 15,90km) | C6: SER.CG | D6: txkm | E6: =SUM(E7:E13) -> 3685.348 | F6: 0.35 | G6: =E6*F6 -> 1289.8718 | L6: Transporte com cavalo mecânico de 30 t - rodovia pavimentada
A7: COMP. 5851 | B7: TRATOR DE ESTEIRAS, POTÊNCIA 150 HP, PESO OPERACIONAL 16,7 T, COM RODA MOTRIZ ELEVADA E LÂMINA 3,18 M3 - CHP DIURNO. AF_06/2014 | D7: txkm | E7: =16.7*$K$15*2 -> 617.9 | F7: =F6 -> 0.35 | G7: =E7*F7 -> 216.265 | I7: 16.7 | J7: toneladas
A8: COMP. 5932 | B8: MOTONIVELADORA POTÊNCIA BÁSICA LÍQUIDA (PRIMEIRA MARCHA) 125 HP, PESO BRUTO 13032 KG, LARGURA DA LÂMINA DE 3,7 M - CHP DIURNO. AF_06/2014 | D8: txkm | E8: =13.032*$K$15*2 -> 482.184 | F8: =F6 -> 0.35 | G8: =E8*F8 -> 168.7644 | I8: 13.032 | J8: toneladas
A9: COMP. 5940 | B9: PÁ CARREGADEIRA SOBRE RODAS, POTÊNCIA LÍQUIDA 128 HP, CAPACIDADE DA CAÇAMBA 1,7 A 2,8 M3, PESO OPERACIONAL 11632 KG - CHP DIURNO. AF_06/2014 | D9: txkm | E9: =11.632*$K$15*2 -> 430.384 | F9: =F6 -> 0.35 | G9: =E9*F9 -> 150.6344 | I9: 11.632 | J9: toneladas | M9: Peso dos equipamentos (Trator de esteiras 16,70t + Motoniveladora 13,032t + Pá carregadeira 11,632t ) + Rolo Compactador vibratório de um cilindro 8,1 T + Rolo Compactador de pneu estático 26 T) + RETROESCAVADEIRA SOBRE RODAS COM CARREGADEIRA, TRAÇÃO 4X4, PESO OPERACIONAL MÍN. 7.140 KG + ESCAVADEIRA HIDRÁULICA SOBRE ESTEIRAS, CAÇAMBA 0,80 M3, PESO OPERACIONAL 17 T x DMT NOVACAP 48,00km x 2(ida e volta)
A10: COMP. 5684 | B10: ROLO COMPACTADOR VIBRATÓRIO DE UM CILINDRO AÇO LISO, POTÊNCIA 80 HP, PESO OPERACIONAL MÁXIMO 8,1 T, IMPACTO DINÂMICO 16,15 / 9,5 T, LARGURA DE TRABALHO 1,68 M - CHP DIURNO. AF_06/2014 | D10: txkm | E10: =8.1*$K$15*2 -> 299.7 | F10: =F6 -> 0.35 | G10: =E10*F10 -> 104.895 | I10: 8.1 | J10: toneladas
A11: COMP. 6879 | B11: ROLO COMPACTADOR DE PNEUS ESTÁTICO, PRESSÃO VARIÁVEL, POTÊNCIA 111 HP, PESO SEM/COM LASTRO 9,5 / 26 T, LARGURA DE TRABALHO 1,90 M - CHP DIURNO. AF_07/2014 | D11: txkm | E11: =26*$K$15*2 -> 962 | F11: =F6 -> 0.35 | G11: =E11*F11 -> 336.7 | I11: 26 | J11: toneladas
A12: COMP. 5875 | B12: RETROESCAVADEIRA SOBRE RODAS COM CARREGADEIRA, TRAÇÃO 4X4, POTÊNCIA LÍQ. 72 HP, CAÇAMBA CARREG. CAP. MÍN. 0,79 M3, CAÇAMBA RETRO CAP. 0,18 M3, PESO OPERACIONAL MÍN. 7.140 KG, PROFUNDIDADE ESCAVAÇÃO MÁX. 4,50 M - CHP DIURNO. AF_06/2014 | D12: txkm | E12: =7.14*$K$15*2 -> 264.18 | F12: =F6 -> 0.35 | G12: =E12*F12 -> 92.463 | I12: 7.14 | J12: toneladas
A13: COMP. 5631 | B13: ESCAVADEIRA HIDRÁULICA SOBRE ESTEIRAS, CAÇAMBA 0,80 M3, PESO OPERACIONAL 17 T, POTENCIA BRUTA 111 HP - CHP DIURNO. AF_06/2014 | D13: txkm | E13: =17*$K$15*2 -> 629 | F13: =F6 -> 0.35 | G13: =E13*F13 -> 220.15 | I13: 17 | J13: toneladas
K14: DMT
I15: =SUM(I7:I14) -> 99.604 | K15: 18.5 | M15: =I15*K15*2 -> 3685.348
G17: =SUM(G7:G16) -> 1289.8718

Sheet CPU  S DES CAVAL
A3: COMPOSIÇÕES DE PREÇOS SEM DESONERAÇÃO
A6: 5914640 | B6: Transporte com cavalo mecânico de 30 t - rodovia pavimentada (DMT 15,90km) | C6: SER.CG | D6: txkm | E6: =SUM(E7:E13) -> 3685.348 | F6: 0.36 | G6: =SUM(G7:G13) -> 1326.7253 | L6: Transporte com cavalo mecânico de 30 t - rodovia pavimentada
A7: COMP. 5851 | B7: TRATOR DE ESTEIRAS, POTÊNCIA 150 HP, PESO OPERACIONAL 16,7 T, COM RODA MOTRIZ ELEVADA E LÂMINA 3,18 M3 - CHP DIURNO. AF_06/2014 | D7: txkm | E7: =16.7*$K$15*2 -> 617.9 | F7: =F6 -> 0.36 | G7: =E7*F7 -> 222.444 | I7: 16.7 | J7: toneladas
A8: COMP. 5932 | B8: MOTONIVELADORA POTÊNCIA BÁSICA LÍQUIDA (PRIMEIRA MARCHA) 125 HP, PESO BRUTO 13032 KG, LARGURA DA LÂMINA DE 3,7 M - CHP DIURNO. AF_06/2014 | D8: txkm | E8: =13.032*$K$15*2 -> 482.184 | F8: =F6 -> 0.36 | G8: =E8*F8 -> 173.58624 | I8: 13.032 | J8: toneladas
A9: COMP. 5940 | B9: PÁ CARREGADEIRA SOBRE RODAS, POTÊNCIA LÍQUIDA 128 HP, CAPACIDADE DA CAÇAMBA 1,7 A 2,8 M3, PESO OPERACIONAL 11632 KG - CHP DIURNO. AF_06/2014 | D9: txkm | E9: =11.632*$K$15*2 -> 430.384 | F9: =F6 -> 0.36 | G9: =E9*F9 -> 154.93824 | I9: 11.632 | J9: toneladas | M9: Peso dos equipamentos (Trator de esteiras 16,70t + Motoniveladora 13,032t + Pá carregadeira 11,632t ) + Rolo Compactador vibratório de um cilindro 8,1 T + Rolo Compactador de pneu estático 26 T) + RETROESCAVADEIRA SOBRE RODAS COM CARREGADEIRA, TRAÇÃO 4X4, PESO OPERACIONAL MÍN. 7.140 KG + ESCAVADEIRA HIDRÁULICA SOBRE ESTEIRAS, CAÇAMBA 0,80 M3, PESO OPERACIONAL 17 T x DMT NOVACAP 48,00km x 2(ida e volta)
A10: COMP. 5684 | B10: ROLO COMPACTADOR VIBRATÓRIO DE UM CILINDRO AÇO LISO, POTÊNCIA 80 HP, PESO OPERACIONAL MÁXIMO 8,1 T, IMPACTO DINÂMICO 16,15 / 9,5 T, LARGURA DE TRABALHO 1,68 M - CHP DIURNO. AF_06/2014 | D10: txkm | E10: =8.1*$K$15*2 -> 299.7 | F10: =F6 -> 0.36 | G10: =E10*F10 -> 107.892 | I10: 8.1 | J10: toneladas
A11: COMP. 6879 | B11: ROLO COMPACTADOR DE PNEUS ESTÁTICO, PRESSÃO VARIÁVEL, POTÊNCIA 111 HP, PESO SEM/COM LASTRO 9,5 / 26 T, LARGURA DE TRABALHO 1,90 M - CHP DIURNO. AF_07/2014 | D11: txkm | E11: =26*$K$15*2 -> 962 | F11: =F6 -> 0.36 | G11: =E11*F11 -> 346.32 | I11: 26 | J11: toneladas
A12: COMP. 5875 | B12: RETROESCAVADEIRA SOBRE RODAS COM CARREGADEIRA, TRAÇÃO 4X4, POTÊNCIA LÍQ. 72 HP, CAÇAMBA CARREG. CAP. MÍN. 0,79 M3, CAÇAMBA RETRO CAP. 0,18 M3, PESO OPERACIONAL MÍN. 7.140 KG, PROFUNDIDADE ESCAVAÇÃO MÁX. 4,50 M - CHP DIURNO. AF_06/2014 | D12: txkm | E12: =7.14*$K$15*2 -> 264.18 | F12: =F6 -> 0.36 | G12: =E12*F12 -> 95.1048 | I12: 7.14 | J12: toneladas
A13: COMP. 5631 | B13: ESCAVADEIRA HIDRÁULICA SOBRE ESTEIRAS, CAÇAMBA 0,80 M3, PESO OPERACIONAL 17 T, POTENCIA BRUTA 111 HP - CHP DIURNO. AF_06/2014 | D13: txkm | E13: =17*$K$15*2 -> 629 | F13: =F6 -> 0.36 | G13: =E13*F13 -> 226.44 | I13: 17 | J13: toneladas
K14: DMT
I15: =SUM(I7:I14) -> 99.604 | K15: 18.5 | M15: =I15*K15*2 -> 3685.348
G17: =SUM(G7:G16) -> 1326.7253

Sheet Plan1
I1: =SUM(G5:G27) -> 135088.7
I2: 135088.7
B3: 1- | C3: ATERRO E REATERRO | I3: =I1-I2 -> 0
A4: NOVACAP | B4: SICRO / SINAPI | C4: DESCRIÇÃO | D4: Unid. | E4: Quantia | F4: Custo unitário | G4: Custo Total do Item
B5: 92743 | C5: MURO DE GABIÃO, ENCHIMENTO COM PEDRA DE MÃO TIPO RACHÃO, DE GRAVIDADE, COM GAIOLAS DE COMPRIMENTO IGUAL A 2 M, PARA MUROS COM ALTURA MENOR OU IGUAL A 4 M FORNECIMENTO E EXECUÇÃO. AF_12/2015 | D5: m3 | E5: 136.22 | F5: 528.53 | G5: =E5*F5 -> 71996.357
B6: 73698 | C6: ENROCAMENTO MANUAL, COM ARRUMACAO DO MATERIAL | D6: m3 | E6: 89.71 | F6: 255.89 | G6: =E6*F6 -> 22955.892
B7: 4730 | C7: PEDRA DE MAO OU PEDRA RACHAO PARA ARRIMO /FUNDACAO (POSTO PEDREIRA /FORNECEDOR, SEM FRETE) | D7: m3 | E7: 89.71 | F7: 88.66 | G7: =E7*F7 -> 7953.6886
B8: 95878 | C8: TRANSPORTE COM CAMINHÃO BASCULANTE DE 10 M3, EM VIA URBANA PAVIMENTADA, DMT ATÉ 30 KM (UNIDADE: TXKM). AF_12/2016 | D8: t*km | E8: 9912.2877 | F8: 0.67 | G8: =E8*F8 -> 6641.2328
B9: 1525 | C9: CONCRETO USINADO BOMBEAVEL, CLASSE DE RESISTENCIA C30, COM BRITA 0 E 1, SLUMP = 100 +/- 20 MM, INCLUI SERVICO DE BOMBEAMENTO (NBR 8953) | D9: m3 | E9: 18.9 | F9: 311.3 | G9: =E9*F9 -> 5883.57
B10: 94991 | C10: EXECUÇÃO DE PASSEIO (CALÇADA) OU PISO DE CONCRETO COM CONCRETO MOLDADO IN LOCO, USINADO, ACABAMENTO CONVENCIONAL, NÃO ARMADO. AF_07/2016 | D10: m3 | E10: 9.6 | F10: 425.09 | G10: =E10*F10 -> 4080.864
B11: 94273M | C11: ASSENTAMENTO DE GUIA (MEIO-FIO) TIPO CORDÃO, EM TRECHO RETO, CONFECCIONADA EM CONCRETO PRÉ-FABRICADO, DIMENSÕES 100X12X7X20 CM (COMPRIMENTO X BASE INFERIOR X BASE SUPERIOR X ALTURA), PARA VIAS URBANAS (USO VIÁRIO) (FORNECIMENTO E INSTALAÇÃO) | D11: m | E11: 120 | F11: 28.89 | G11: =E11*F11 -> 3466.8
B12: 6077 | C12: ARGILA OU BARRO PARA ATERRO/REATERRO (RETIRADO NA JAZIDA, SEM TRANSPORTE) | D12: m3 | E12: 194.61 | F12: 16.29 | G12: =E12*F12 -> 3170.1969
B13: 98504 | C13: PLANTIO DE GRAMA EM PLACAS. AF_05/2018 | D13: m2 | E13: 315 | F13: 8.35 | G13: =E13*F13 -> 2630.25
B14: 1600436M | C14: DEMOLIÇÃO DE CONCRETO SIMPLES | D14: m3 | E14: 9.421 | F14: 237.52 | G14: =E14*F14 -> 2237.6759
B15: 98524 | C15: LIMPEZA MANUAL DE VEGETAÇÃO EM TERRENO COM ENXADA.AF_05/2018 | D15: m2 | E15: 315 | F15: 2.75 | G15: =E15*F15 -> 866.25
B16: 92874 | C16: LANÇAMENTO COM USO DE BOMBA, ADENSAMENTO E ACABAMENTO DE CONCRETO EM ESTRUTURAS. AF_12/2015 | D16: m3 | E16: 18.9 | F16: 28.77 | G16: =E16*F16 -> 543.753
B17: 41721 | C17: COMPACTACAO MECANICA A 95% DO PROCTOR NORMAL - PAVIMENTACAO URBANA | D17: m3 | E17: 117.63 | F17: 3.243 | G17: =E17*F17 -> 381.47409
B18: 41722 | C18: COMPACTACAO MECANICA A 100% DO PROCTOR NORMAL - PAVIMENTACAO URBANA | D18: m3 | E18: 76.98 | F18: 4.6069 | G18: =E18*F18 -> 354.63916
B19: 83336 | C19: ESCAVACAO MECANICA PARA ACERTO DE TALUDES, EM MATERIAL DE 1A CATEGORIA, COM ESCAVADEIRA HIDRAULICA | D19: m3 | E19: 89.71 | F19: 3.95 | G19: =E19*F19 -> 354.3545
B20: 74010/001 | C20: CARGA E DESCARGA MECANICA DE SOLO UTILIZANDO CAMINHAO BASCULANTE 6,0M3 /16T E PA CARREGADEIRA SOBRE PNEUS 128 HP, CAPACIDADE DA CAÇAMBA 1,7 A 2,8 M3, PESO OPERACIONAL 11632 KG | D20: m3 | E20: 194.61 | F20: 1.44 | G20: =E20*F20 -> 280.2384
B21: 94273 | C21: ASSENTAMENTO DE GUIA (MEIO-FIO) EM TRECHO RETO, CONFECCIONADA EM CONCRETO PRÉ-FABRICADO, DIMENSÕES 100X15X13X30 CM (COMPRIMENTO X BASE INFERIOR X BASE SUPERIOR X ALTURA), PARA VIAS URBANAS (USO VIÁRIO). AF_06/2016 | D21: m | E21: 7 | F21: 35.08 | G21: =E21*F21 -> 245.56
B22: 74022/030 | C22: Ensaio de resistência a compressão simples - concreto | D22: un | E22: 1 | F22: 220.03 | G22: =E22*F22 -> 220.03
B23: 72947 | C23: SINALIZACAO HORIZONTAL COM TINTA RETRORREFLETIVA A BASE DE RESINA ACRILICA COM MICROESFERAS DE VIDRO | D23: m2 | E23: 14 | F23: 15.16 | G23: =E23*F23 -> 212.24
B24: 72844 | C24: CARGA, MANOBRAS E DESCARGA DE AREIA, BRITA, PEDRA DE MAO E SOLOS COM CAMINHAO BASCULANTE 6 M3 (DESCARGA LIVRE) | D24: t | E24: 332.581 | F24: 0.57 | G24: =E24*F24 -> 189.57117
B25: 74022/058 | C25: Ensaio de abatimento do tronco de cone | D25: un | E25: 2 | F25: 86.34 | G25: =E25*F25 -> 172.68
B26: 100574 | C26: ESPALHAMENTO DE MATERIAL COM TRATOR DE ESTEIRAS. AF_11/2019 | D26: m3 | E26: 194.61 | F26: 0.85 | G26: =E26*F26 -> 165.4185
B27: 6496 ART_1 | C27: Pagamento de Anotação de Responsabilidade Técnica - ART - Lei n° 6.496, de 7 de dezembro de 1977 - Tabela AA - Obra ou Serviço - Contrato até de R$8.000,00 Conforme CREA-DF | D27: un | E27: 1 | F27: 85.96 | G27: =E27*F27 -> 85.96

Sheet Plan6
A1: 72844 | C1: 95878 | E1: 1600436M
A2: 47.25 | C2: 1541.76 | E2: 0.301
A3: 134.565 | C3: 1403.325 | E3: 1.92
A4: 134.565 | C4: 3996.5805 | E4: 7.2
A5: 0.721 | C5: 2489.4525 | E5: =SUM(E2:E4) -> 9.421
A6: 4.68 | C6: 21.4137
A7: 10.8 | C7: 138.996
A8: =SUM(A2:A7) -> 332.581 | C8: 320.76
C9: =SUM(C2:C8) -> 9912.2877
